 Dungeon Crawl Stone Soup version 0.31.0-9-g3a7656b989 (webtiles) character file.

Game seed: 2513799767865033888

2159965 qw the Intangible (level 24, 254/254 HPs)
             Began as a Demigod Hunter on Feb 2, 2024.
             Escaped with the Orb
             ... and 3 runes!
             The game lasted 00:11:42 (42872 turns).

qw the Intangible (Demigod Hunter)                 Turns: 42872, Time: 00:11:42

Health: 254/254    AC: 15    Str: 11    XL:     24   Next: 87%
Magic:  27/27      EV: 83    Int: 15    God:
Gold:   723        SH:  5    Dex: 70    Spells: 23/23 levels left

rFire   . . .        c - +6 arbalest "Damnation" {damnation}
rCold   + . .        (shield currently unavailable)
rNeg    . . .        y - +1 leather armour of the Gardener {rC+ Dex+8}
rPois   .            (no helmet)
rElec   .            s - +2 cloak of the Countless Souls {Will+ Regen+}
rCorr   .            z - +2 pair of gloves
SInv    .            j - +2 pair of boots of Lies {Will+++ Dex+4 Slay+3 Stlth-}
Will    +++++        v - amulet of reflection
Stlth   ++           w - +6 ring of dexterity
HPRegen 1.42/turn    g - +6 ring of dexterity
MPRegen 0.20/turn

%: reflection
@: no status effects
A: high MP 1, forlorn, divine attributes, clever 1, clumsy 1, strong-willed 1,
mutation resistance 1, robust 1, wild magic 1
0: Orb of Zot
}: 3/15 runes: barnacled, silver, gossamer
a: no special abilities


You escaped.
You visited 8 branches of the dungeon, and saw 44 of its levels.
You also visited: Gauntlet.

You collected 5683 gold pieces.
You spent 4960 gold pieces at shops.


Innate Abilities, Weirdness & Mutations

You have an increased reservoir of magic. (+10% MP)
You shall have no god before yourself.
Your divine heritage dramatically boosts your attributes as you level up.
Your mind is acute. (Int +4, Str/Dex -1)
You are clumsy. (Dex -2)
You are strong-willed. (Will+)
You are somewhat resistant to further mutation.
You are robust. (+10% HP)
Your spells are a little harder to cast, but a little more powerful.


   Skills:
 - Level 22.0 Fighting
 - Level 26.0 Ranged Weapons
 + Level 10.0 Armour
 O Level 27 Dodging
 - Level 0.8 Stealth


You had 23 spell levels left.
You didn't know any spells.
Your spell library was empty.

Inventory:

Hand Weapons
 c - the +6 arbalest "Damnation" (weapon) {damnation}
   (You took it off a vampire knight on level 2 of the Realm of Zot)
Armour
 j - the +2 pair of boots of Lies (worn) {Will+++ Dex+4 Slay+3 Stlth-}
   (You acquired it on level 2 of the Dungeon)

   Dex+4:     It affects your dexterity (+4).
   Slay+3:    It affects your accuracy & damage with ranged weapons and melee
   (+3).
   Will+++:   It greatly increases your willpower.
   Stlth-:    It makes you less stealthy.
 q - a scarf of resistance
 s - the +2 cloak of the Countless Souls (worn) {Will+ Regen+}
   (You bought it in a shop on level 7 of the Dungeon)

   Will+:     It increases your willpower.
   Regen+:    It increases your rate of health regeneration.
 x - the +1 ring mail of Space {*Slow rF++ rCorr}
   (You bought it in a shop on level 3 of the Depths)

   rF++:      It greatly protects you from fire.
   rCorr:     It protects you from acid and corrosion.
   *Slow:     It may slow you when you take damage.
 y - the +1 leather armour of the Gardener (worn) {rC+ Dex+8}
   (You found it on level 3 of the Lair of Beasts)

   Dex+8:     It affects your dexterity (+8).
   rC+:       It protects you from cold.
 z - a +2 pair of gloves (worn)
Jewellery
 g - a +6 ring of dexterity (right hand)
 v - an amulet of reflection (around neck)
 w - a +6 ring of dexterity (left hand)
Wands
 a - a wand of polymorph (47)
 b - a wand of paralysis (52)
 m - a wand of digging (3)
 t - a wand of iceblast (45)
Scrolls
 h - 9 scrolls of enchant armour
 l - 17 scrolls of identify
 n - 21 scrolls of teleportation
Potions
 d - 8 potions of heal wounds
 f - 9 potions of cancellation
 i - 7 potions of enlightenment
 k - 4 potions of mutation
 o - 27 potions of curing
 u - 7 potions of might

Dungeon Overview and Level Annotations

Branches:
Dungeon (15/15)            Temple (0/1) D:4            Lair (5/5) D:11
 Shoals (4/4) Lair:2       Spider (4/4) Lair:2        Slime (0/5) Lair:4
    Orc (2/2) D:11            Elf (0/3) Orc:2        Vaults (5/5) D:14
  Crypt (0/3) Vaults:2     Depths (4/4) D:15            Zot (5/5) Depths:4
Gauntlet (visited)

Shops:
D:3 [[(   D:7 [   D:10 (   D:11 !   D:13 ?   Orc:2 (=?(   Shoals:2 =?
Vaults:1 (   Vaults:3 ?   Vaults:5 !?!!   Depths:2 *   Depths:3 ???[

Portals:
Hell: Depths:1 Depths:2 Depths:3 Depths:4
Abyss: Depths:3
Pandemonium: Depths:2
Ziggurat: Depths:2

Annotations:
D:4 3 runed translucent doors, qw's ghost, amateur DjHu
D:6 1 runed translucent door, Crazy Yiuf
D:9 2 transporters, qw's ghost, novice DjHu
D:13 4 transporters
Spider:4 3 runed translucent doors, qw's ghost, adept DjHu
Zot:4 37 runed translucent doors, Muataran's ghost, veteran MiMo


Message History

Enter note:
Enter note:
Enter note:
Enter note:
Enter note:
Enter note:
Enter note:
Enter note:
Enter note:
Enter note:
Enter note:
Enter note:
Enter note:
Enter note:
Enter note:
Enter note:
Enter note:
Enter note:
Enter note:
Enter note:
Enter note:
Enter note: You shoot a damnation bolt.
The damnation bolt hits the Orb Guardian!!!
The Orb Guardian is almost dead.
The damnation bolt explodes!
The damnation engulfs the Orb Guardian!
You kill the Orb Guardian!
Your Armour skill increases to level 10!
What level of the Dungeon? (default 1, ? - help)
There is an open door here.
There is an open door here.
There is an open door here.
There is an open door here.
There is an open door here.
There is an open door here.
There is an open door here.
There is an open door here.
There is an open door here.
There is a staircase leading out of the dungeon here.
You have escaped!

.......#.........'........#.#
#
...###.'.........#........#.#
# ...#
###.........#........#.# #
#### #...############...#.# #
#...#.....#....#...#.##### #
#...#.#...#....#...#...... #
#...#.....'....#...#.##### #
#...#...###....#...#...... #
#...#...#@###'###'##.####. #
#######'#'##...#...#.##... #
#...#..'...#...#.##.#. #
#...#..#...#...#.##.#.
#...########...#.##.#.
#......'.......#.##.#. ####
#.#....#.....#.#.##.#. ...#
#......#.......#.##.#. )..#
################..#.#.


There were no monsters in sight!

Vanquished Creatures
  6 dread liches
  6 orbs of fire
  An ancient lich (Vaults:5)
  11 Killer Klowns
  A curse toe (Zot:2)
  2 caustic shrikes (Depths:3)
  17 golden dragons
  Nikola (Spider:3)
  3 electric golems
  27 Orb Guardians
  Asterion (Spider:3)
  A walking crystal tome (Depths:3)
  An Ice Fiend (Zot:5)
  26 tentacled monstrosities
  5 liches
  Jorgrun (Shoals:1)
  Mlioglotl (Shoals:4)
  A walking frostbound tome (Depths:3)
  A deep elf blademaster (Depths:1)
  7 quicksilver dragons
  2 walking divine tomes (Depths:3)
  10 death cobs
  An Executioner (D:8)
  7 titans
  9 sphinxes
  Polyphemus (Shoals:3)
  18 storm dragons
  8 tengu reavers
  9 shadow dragons
  6 protean progenitors
  13 fire giants
  7 draconian monks
  8 draconian shifters
  3 emperor scorpions
  16 vault wardens
  6 draconian scorchers
  10 frost giants
  A balrug (Depths:1)
  An angel (D:6)
  7 draconian knights
  2 cacodemons
  An iron dragon (Depths:3)
  3 ghost moths
  20 ironbound preservers
  2 draconian stormcallers
  5 spriggan defenders
  An orc warlord (Orc:2)
  10 draconian annihilators
  26 stone giants
  24 very ugly things
  2 formless jellyfish
  2 reapers
  8 broodmothers
  7 ironbound thunderhulks
  13 green draconians
  4 vampire knights
  15 white draconians
  Nessos (D:14)
  3 war gargoyles
  17 black draconians
  19 purple draconians
  A deep elf death mage (Vaults:5)
  10 yellow draconians
  15 red draconians
  2 minotaurs
  12 dire elephants
  9 spark wasps
  Snorg (D:13)
  3 green deaths
  14 ettins
  3 merfolk impalers
  2 crystal guardians (Vaults:1)
  A merfolk javelineer (Shoals:4)
  A quicksilver dragon zombie (Depths:3)
  6 entropy weavers
  7 great orbs of eyes
  12 yaktaur captains
  8 fire dragons
  2 deep elf high priests (Vaults:5)
  10 ice dragons
  39 vault guards
  4 ogre magi
  3 peacekeepers
  8 spriggan air magi
  2 rakshasas
  6 hydras
  A salamander tyrant (Depths:2)
  4 merfolk avatars
  11 ironbound frosthearts
  4 jorogumos
  7 centaur warriors
  4 catoblepae
  5 radroaches
  14 satyrs
  5 tengu warriors
  3 death knights
  9 deep troll shamans
  7 boulder beetles
  5 orc high priests (Orc:2)
  4 two-headed ogres
  10 deep troll earth magi
  6 demonic crawlers
  5 spriggan berserkers
  6 death yaks
  A deep elf knight (Vaults:5)
  Sonja (D:13)
  2 vampire magi (Depths:2)
  2 hell knights (Vaults:5)
  4 occultists
  A skeletal warrior (D:14)
  2 shadow wraiths
  A storm dragon zombie (Depths:3)
  A sun demon (Depths:2)
  6 iron trolls
  2 sixfirhies (D:12)
  7 skysharks
  A golden dragon zombie (Depths:3)
  A storm dragon skeleton (Depths:3)
  4 death drakes (Depths:4)
  9 pharaoh ants
  A sun moth (Spider:4)
  4 glowing orange brains
  64 deep trolls
  2 flayed ghosts
  A shadow demon (Depths:2)
  10 lindwurms
  A deep elf archer (Vaults:5)
  5 sea snakes
  4 phantasmal warriors
  15 orb spiders
  6 arcanists
  A mana viper (shapeshifter) (Depths:3)
  15 ironbound convokers
  5 orc knights
  A deep elf zephyrmancer (Vaults:5)
  21 wolf spiders
  4 steelbarb worms
  45 ugly things
  3 large abominations (D:8)
  6 orc sorcerers
  2 deep elf pyromancers
  2 necromancers
  4 salamanders (Depths:2)
  28 harpies
  A shining eye (shapeshifter) (Depths:3)
  17 manticores
  A manticore (shapeshifter) (Vaults:5)
  6 oklob plants
  14 cyclopes
  25 fauns
  8 elephants
  3 meliai (Spider:1)
  9 merfolk sirens
  30 moths of wrath
  39 slime creatures
  A black mamba (shapeshifter) (Vaults:5)
  A kobold blastminer (Orc:2)
  2 black mambas
  2 smoke demons (Depths:1)
  11 vault sentinels
  6 water nymphs
  8 torpor snails
  3 orange demons
  Joseph (D:8)
  A rust devil (Depths:2)
  8 rime drakes
  A kobold demonologist (D:10)
  A gargoyle (D:14)
  14 cane toads
  4 freezing wraiths
  35 yaktaurs
  17 komodo dragons
  2 unseen horrors (D:12)
  6 tengu conjurers
  2 efreet
  A hellwing (Depths:4)
  8 wind drakes
  4 trolls
  24 merfolk
  8 hornets
  5 polar bears
  34 tarantellas
  A hornet (shapeshifter) (Depths:3)
  13 dream sheep
  26 blink frogs
  A glass eye (Depths:3)
  6 snapping turtles
  A centaur simulacrum (D:14)
  3 water elementals
  30 culicivoras
  4 spriggans
  33 jumping spiders
  9 wyverns
  A shadow (D:10)
  3 wraiths
  8 basilisks
  2 humans (D:14)
  27 yaks
  9 steam dragons
  A basilisk (shapeshifter) (Vaults:5)
  4 vampire mosquitoes
  51 redbacks
  7 wargs
  Menkaure (D:6)
  6 acid dragons
  16 water moccasins
  3 sky beasts
  7 black bears
  27 orc warriors
  5 laughing skulls
  A boggart (D:9)
  13 wolves
  7 ogres
  8 centaurs
  2 kobold brigands
  A phantom (D:7)
  3 scorpions
  9 bullfrogs
  17 wights
  18 killer bees
  A jelly (D:4)
  10 howler monkeys
  2 hounds
  37 orc priests
  2 gnoll boudas
  2 sleepcaps
  Natasha (thrice) (D:2)
  7 iguanas
  20 orc wizards
  11 hell rats
  15 gnolls
  2 adders
  3 shadow imps
  A white imp (D:6)
  2 dart slugs
  2 ribbon worms
  60 orcs
  3 bats
  8 endoplasms
  4 giant cockroaches
  16 goblins
  8 hobgoblins
  3 quokkas
  3 ball pythons
  6 frilled lizards
  14 kobolds
  6 rats
  An aspiring flesh (Zot:4)
  A spectral weapon (Zot:5)
2034 creatures vanquished.

Vanquished Creatures (others)
  A wolf spider (Spider:4)
1 creature vanquished.

Grand Total: 2035 creatures vanquished

Notes
Turn   | Place    | Note
-------+----------+-------------------------------------------
     0 | D:1      | qw the Demigod Hunter began the quest for the Orb.
     0 | D:1      | Reached XP level 1. HP: 17/17 MP: 3/3
     0 | D:1      | 0 ||| qw: Version: 0.3-a-155-g5e7d8dd
     0 | D:1      | 0 ||| qw: Game counter: 497
     0 | D:1      | 0 ||| qw: Melee chars always use a shield: true
     0 | D:1      | 0 ||| qw: God list: Okawaru
     0 | D:1      | 0 ||| qw: Allow faded altars: false
     0 | D:1      | 0 ||| qw: Do Orc after clearing Dungeon:15 true
     0 | D:1      | 0 ||| qw: Do second Lair branch before Depths: true
     0 | D:1      | 0 ||| qw: Lair rune preference: random
     0 | D:1      | 0 ||| qw: Goals: Normal
     0 | D:1      | 0 ||| PLANNING D:1-11
   232 | D:1      | Reached XP level 2. HP: 24/24 MP: 4/4
   765 | D:1      | 765 ||| UPGRADING to ring of protection from fire.
   766 | D:1      | 766 ||| READING scroll labelled WUNAMA IMNOEPO.
   766 | D:1      | Identified a scroll of acquirement
   766 | D:1      | 766 ||| ACQUIRING +1 shortbow of freezing
   766 | D:1      | Acquired a +1 shortbow of freezing
   768 | D:1      | 768 ||| SWAPPING to +1 shortbow of freezing.
   769 | D:1      | 769 ||| DROPPING +0 shortbow.
   770 | D:1      | 770 ||| READING scroll labelled PUILEULICK.
   771 | D:1      | 771 ||| READING scroll labelled UNTELOREFU.
   772 | D:1      | 772 ||| DRINKING 3 fizzy amethyst potions.
   773 | D:1      | 773 ||| DROPPING scroll of butterflies.
   974 | D:2      | Noticed Natasha
   987 | D:2      | Killed Natasha
   988 | D:2      | Reached XP level 3. HP: 29/29 MP: 5/5
  1133 | D:2      | Reached skill level 2 in Dodging
  1274 | D:2      | 1274 ||| READING 3 scrolls of acquirement.
  1274 | D:2      | 1274 ||| ACQUIRING +6 arbalest of draining
  1274 | D:2      | Acquired a +6 arbalest of draining
  1276 | D:2      | 1276 ||| SWAPPING to +6 arbalest of draining.
  1277 | D:2      | 1277 ||| DROPPING +1 shortbow of freezing.
  1278 | D:2      | 1278 ||| READING 2 scrolls of acquirement.
  1278 | D:2      | 1278 ||| ACQUIRING +2 pair of boots of Lies {Will+++ Dex+4
                  | Slay+3 Stlth-}
  1278 | D:2      | Acquired the +2 pair of boots of Lies {Will+++ Dex+4 Slay+3
                  | Stlth-}
  1279 | D:2      | 1279 ||| READING scroll of acquirement.
  1279 | D:2      | 1279 ||| ACQUIRING +6 ring of dexterity
  1279 | D:2      | Acquired a +6 ring of dexterity
  1416 | D:2      | Noticed Natasha
  1419 | D:2      | Killed Natasha
  1420 | D:2      | Reached XP level 4. HP: 36/36 MP: 6/6
  1532 | D:2      | Noticed Natasha
  1534 | D:2      | 1534 ||| FLEEEEING.
  1535 | D:2      | 1535 ||| FLEEEEING.
  1536 | D:2      | 1536 ||| FLEEEEING.
  1537 | D:2      | 1537 ||| FLEEEEING.
  1538 | D:2      | 1538 ||| FLEEEEING.
  1539 | D:2      | 1539 ||| FLEEEEING.
  1540 | D:2      | 1540 ||| FLEEEEING.
  1541 | D:2      | 1541 ||| STAIRDANCE
  1643 | D:1      | 1643 ||| UPGRADING to +2 pair of boots of Lies {Will+++
                  | Dex+4 Slay+3 Stlth-}.
  1648 | D:1      | 1648 ||| UPGRADING to +0 ring mail.
  1658 | D:1      | 1658 ||| DROPPING +0 leather armour.
  1659 | D:1      | 1659 ||| UPGRADING to +6 ring of dexterity.
  1660 | D:1      | 1660 ||| READING scroll labelled EPOKKOBLESH.
  1660 | D:1      | 1660 ||| IDENTIFYING fizzy grey potion
  1661 | D:1      | 1661 ||| DROPPING potion of brilliance.
  1664 | D:2      | Killed Natasha
  1665 | D:2      | Reached skill level 1 in Armour
  1869 | D:3      | Identified the +3 sling of Gozag's Outrage {speed, Will-
                  | Int+4 SInv}
  1896 | D:3      | Found Laut's Antique Weapon Emporium.
  2106 | D:3      | Found Ozown's Antique Armour Shop.
  2166 | D:3      | Found Daosygie's Armour Shop.
  2171 | D:3      | 2171 ||| SHOPLISTING +3 ring mail "Nozighom" {Will+ Dex+4}
                  | (560 gold, have 119).
  2171 | D:3      | 2171 ||| SHOPLISTING +4 ring mail of willpower (434 gold,
                  | have 119).
  2277 | D:3      | Reached XP level 5. HP: 41/41 MP: 7/7
  2510 | D:3      | 2510 ||| UPGRADING to +5 ring of evasion.
  2512 | D:3      | 2512 ||| READING 2 scrolls labelled SIRRES MOVA.
  2513 | D:3      | 2513 ||| READING scroll labelled OSOCUXYUPU.
  2513 | D:3      | 2513 ||| ENCHANTING +6 arbalest of draining.
  2514 | D:3      | 2514 ||| READING 2 scrolls labelled UCZUEC SOOF.
  2518 | D:3      | 2518 ||| READING scroll labelled RUNLOAXECUL.
  2619 | D:3      | 2619 ||| READING scroll labelled KIUMIZ UNOIM.
  2620 | D:3      | 2620 ||| DROPPING scroll of poison.
  2641 | D:4      | Reached skill level 6 in Ranged Weapons
  2641 | D:4      | Found a staircase to the Ecumenical Temple.
  2761 | D:4      | Noticed an ogre
  2762 | D:4      | 2762 ||| ZAPPING wand of paralysis (10) at -1,4 (ogre;
                  | floor).
  2763 | D:4      | Killed an ogre
  2764 | D:4      | Reached skill level 3 in Dodging
  2764 | D:4      | Reached XP level 6. HP: 48/48 MP: 8/8
  2836 | D:4      | Noticed qw's ghost (amateur DjHu)
  2911 | D:4      | Found a runed translucent gate.
  2911 | D:4      | Found a runed translucent gate.
  2912 | D:4      | Found a runed translucent gate.
  3051 | D:4      | Reached skill level 3 in Fighting
  3431 | D:4      | 3431 ||| UPGRADING to +2 cloak.
  3436 | D:4      | 3436 ||| UPGRADING to +0 helmet.
  3441 | D:4      | 3441 ||| READING scroll of enchant armour.
  3441 | D:4      | 3441 ||| ENCHANTING +0 helmet.
  3442 | D:4      | 3442 ||| READING scroll of identify.
  3442 | D:4      | 3442 ||| IDENTIFYING ruby potion
  3443 | D:4      | 3443 ||| READING scroll labelled RAFRAE SUGYE.
  3444 | D:4      | 3444 ||| DRINKING 3 smoky black potions.
  3472 | D:4      | 3472 ||| DRINKING 2 metallic brown potions.
  3473 | D:4      | 3473 ||| DROPPING 2 potions of lignification.
  3492 | D:5      | Entered Level 5 of the Dungeon
  4025 | D:5      | Reached XP level 7. HP: 57/57 MP: 9/9
  4365 | D:6      | Reached skill level 4 in Dodging
  4387 | D:6      | 4387 ||| FLEEEEING.
  4388 | D:6      | 4388 ||| FLEEEEING.
  4389 | D:6      | 4389 ||| FLEEEEING.
  4389 | D:6      | Noticed Menkaure
  4390 | D:6      | Killed Menkaure
  4599 | D:6      | Noticed a wyvern
  4600 | D:6      | 4600 ||| ZAPPING wand of paralysis (23) at -2,-5 (wyvern;
                  | floor).
  4601 | D:6      | 4601 ||| ZAPPING wand of paralysis (22) at -2,-4 (wyvern;
                  | floor).
  4604 | D:6      | Killed a wyvern
  4772 | D:6      | Found a runed translucent door.
  4773 | D:6      | Noticed Crazy Yiuf
  4859 | D:6      | Reached XP level 8. HP: 63/63 MP: 10/10
  5088 | D:6      | 5088 ||| UPGRADING to +0 pair of gloves.
  5093 | D:6      | 5093 ||| DROPPING ring of flight.
  5094 | D:6      | 5094 ||| READING 6 scrolls of identify.
  5094 | D:6      | 5094 ||| IDENTIFYING emerald potion
  5142 | D:7      | 5142 ||| STAIRDANCE
  5176 | D:7      | Found Nodon's Antique Armour Shoppe.
  5203 | D:7      | 5203 ||| BUYING bloodstained cloak (171 gold).
  5203 | D:7      | Bought a bloodstained cloak for 171 gold pieces
  5203 | D:7      | Identified the +2 cloak of the Countless Souls {Will+
                  | Regen+} (You bought it in a shop on level 7 of the Dungeon)
  5203 | D:7      | 5203 ||| SHOPLISTING pair of glowing gloves (135 gold, have
                  | 72).
  5216 | D:7      | 5216 ||| DRINKING potion of haste.
  5218 | D:7      | 5218 ||| FLEEEEING.
  5219 | D:7      | 5219 ||| FLEEEEING.
  5220 | D:7      | 5220 ||| FLEEEEING.
  5221 | D:7      | 5221 ||| FLEEEEING.
  5222 | D:7      | 5222 ||| FLEEEEING.
  5225 | D:7      | 5225 ||| FLEEEEING.
  5226 | D:7      | 5226 ||| FLEEEEING.
  5227 | D:7      | 5227 ||| FLEEEEING.
  5228 | D:7      | 5228 ||| FLEEEEING.
  5229 | D:7      | 5229 ||| FLEEEEING.
  5230 | D:7      | 5230 ||| FLEEEEING.
  5231 | D:7      | 5231 ||| FLEEEEING.
  5235 | D:7      | 5235 ||| FLEEEEING.
  5236 | D:7      | 5236 ||| STAIRDANCE
  5287 | D:6      | 5287 ||| UPGRADING to +2 cloak of the Countless Souls
                  | {Will+ Regen+}.
  5297 | D:6      | 5297 ||| DROPPING +2 cloak.
  5298 | D:6      | 5298 ||| READING 5 scrolls of identify.
  5298 | D:6      | 5298 ||| IDENTIFYING inky potion
  5299 | D:6      | 5299 ||| READING 4 scrolls of identify.
  5299 | D:6      | 5299 ||| IDENTIFYING scroll labelled WOCOASCH CIUNN
  5300 | D:6      | 5300 ||| READING scroll of brand weapon.
  5300 | D:6      | 5300 ||| BRANDING +6 arbalest of draining.
  5301 | D:6      | 5301 ||| DROPPING potion of degeneration.
  5438 | D:7      | Reached skill level 9 in Ranged Weapons
  5467 | D:7      | Reached skill level 5 in Dodging
  5490 | D:7      | 5490 ||| READING scroll of acquirement.
  5490 | D:7      | 5490 ||| ACQUIRING +1 pair of gloves "Fedaj" {Stlth+}
  5490 | D:7      | Acquired the +1 pair of gloves "Fedaj" {Stlth+}
  5492 | D:7      | 5492 ||| UPGRADING to +1 pair of gloves "Fedaj" {Stlth+}.
  5502 | D:7      | 5502 ||| DROPPING +0 pair of gloves.
  5726 | D:7      | 5726 ||| READING 3 scrolls of identify.
  5726 | D:7      | 5726 ||| IDENTIFYING scroll labelled FEN EFOANYTHA
  5727 | D:7      | 5727 ||| READING scroll of enchant weapon.
  5727 | D:7      | 5727 ||| ENCHANTING +6 heavy arbalest.
  5789 | D:8      | 5789 ||| Stepping ~*~*~tactically~*~*~ (cloud).
  5792 | D:8      | Reached skill level 3 in Armour
  5792 | D:8      | Reached XP level 9. HP: 74/74 MP: 11/11
  5823 | D:8      | Noticed Joseph
  5825 | D:8      | Killed Joseph
  5826 | D:8      | Reached skill level 6 in Dodging
  6040 | D:8      | Noticed a two-headed ogre
  6042 | D:8      | 6042 ||| DRINKING potion of haste.
  6046 | D:8      | Killed a two-headed ogre
  6486 | D:8      | 6486 ||| READING 5 scrolls of identify.
  6486 | D:8      | 6486 ||| IDENTIFYING fuming brown potion
  6511 | D:9      | 6511 ||| STAIRDANCE
  6548 | D:9      | 6548 ||| STAIRDANCE
  6552 | D:9      | 6552 ||| STAIRDANCE
  6555 | D:8      | Reached skill level 6 in Fighting
  6567 | D:9      | 6567 ||| STAIRDANCE
  6623 | D:9      | Found a transporter.
  6709 | D:9      | Found a transporter.
  6712 | D:9      | Noticed qw's ghost (novice DjHu)
  6712 | D:9      | Noticed a moth of wrath
  6727 | D:9      | 6727 ||| RETREEEEATING.
  6728 | D:9      | 6728 ||| RETREEEEATING.
  6729 | D:9      | 6729 ||| RETREEEEATING.
  6730 | D:9      | 6730 ||| RETREEEEATING.
  6731 | D:9      | 6731 ||| RETREEEEATING.
  6732 | D:9      | 6732 ||| RETREEEEATING.
  6733 | D:9      | 6733 ||| RETREEEEATING.
  6745 | D:9      | Reached XP level 10. HP: 74/83 MP: 13/13
  7148 | D:9      | 7148 ||| READING 4 scrolls of identify.
  7148 | D:9      | 7148 ||| IDENTIFYING scroll labelled TEADDA FESHA
  7149 | D:9      | 7149 ||| DROPPING scroll of amnesia.
  7161 | D:9      | Reached skill level 7 in Dodging
  7191 | D:9      | 7191 ||| RETREEEEATING.
  7198 | D:9      | 7198 ||| RETREEEEATING.
  7199 | D:9      | 7199 ||| RETREEEEATING.
  7270 | D:9      | 7270 ||| SWAPPING to +2 longbow of flaming.
  7271 | D:9      | 7271 ||| DROPPING +7 heavy arbalest.
  7272 | D:9      | Identified the +1 ring mail of Generosity {^Drain +Inv rC+
                  | Dex+3}
  7483 | D:9      | 7483 ||| UPGRADING to +1 ring mail of Generosity {^Drain
                  | +Inv rC+ Dex+3}.
  7493 | D:9      | 7493 ||| DROPPING +0 ring mail.
  7502 | D:10     | Entered Level 10 of the Dungeon
  7574 | D:10     | Reached skill level 8 in Dodging
  7732 | D:10     | Noticed a cyclops
  7734 | D:10     | Noticed a purple ugly thing
  7736 | D:10     | Killed a cyclops
  7737 | D:10     | Reached skill level 12 in Ranged Weapons
  7738 | D:10     | 7738 ||| ZAPPING wand of paralysis (21) at -2,1 (purple
                  | ugly thing; floor).
  7739 | D:10     | 7739 ||| ZAPPING wand of paralysis (20) at -1,1 (purple
                  | ugly thing; floor).
  7740 | D:10     | 7740 ||| RETREEEEATING.
  7742 | D:10     | 7742 ||| RETREEEEATING.
  7745 | D:10     | 7745 ||| RETREEEEATING.
  7746 | D:10     | Noticed an orc knight
  7747 | D:10     | 7747 ||| RETREEEEATING.
  7748 | D:10     | 7748 ||| RETREEEEATING.
  7749 | D:10     | Killed a purple ugly thing
  7750 | D:10     | 7750 ||| RETREEEEATING.
  7757 | D:10     | 7757 ||| FLEEEEING.
  7758 | D:10     | 7758 ||| FLEEEEING.
  7759 | D:10     | 7759 ||| FLEEEEING.
  7760 | D:10     | 7760 ||| FLEEEEING.
  7762 | D:10     | 7762 ||| FLEEEEING.
  7763 | D:10     | 7763 ||| FLEEEEING.
  7764 | D:10     | 7764 ||| FLEEEEING.
  7765 | D:10     | 7765 ||| FLEEEEING.
  7766 | D:10     | 7766 ||| FLEEEEING.
  7767 | D:10     | 7767 ||| FLEEEEING.
  7768 | D:10     | 7768 ||| FLEEEEING.
  7787 | D:10     | 7787 ||| ZAPPING wand of paralysis (19) at -7,3 (orc
                  | knight; floor).
  7788 | D:10     | 7788 ||| ZAPPING wand of paralysis (18) at -6,3 (orc
                  | knight; floor).
  7794 | D:10     | Killed an orc knight
  7811 | D:10     | Noticed a cyclops
  7813 | D:10     | 7813 ||| ZAPPING wand of quicksilver (8) at 1,-4 (cyclops;
                  | floor).
  7814 | D:10     | 7814 ||| ZAPPING wand of quicksilver (7) at 1,-4 (cyclops;
                  | floor).
  7814 | D:10     | Noticed a centaur warrior
  7815 | D:10     | 7815 ||| ZAPPING wand of quicksilver (6) at 1,-3 (cyclops;
                  | floor).
  7816 | D:10     | 7816 ||| ZAPPING wand of quicksilver (5) at 4,-5 (cyclops;
                  | floor).
  7817 | D:10     | 7817 ||| ZAPPING wand of quicksilver (4) at 4,-5 (cyclops;
                  | floor).
  7817 | D:10     | Killed a cyclops
  7818 | D:10     | Reached XP level 11. HP: 70/92 MP: 14/14
  7822 | D:10     | Killed a centaur warrior
  7841 | D:10     | Noticed an orc knight
  7842 | D:10     | 7842 ||| FLEEEEING.
  7843 | D:10     | 7843 ||| FLEEEEING.
  7844 | D:10     | 7844 ||| FLEEEEING.
  7847 | D:10     | 7847 ||| ZAPPING wand of paralysis (17) at -1,-1 (orc
                  | knight; open_door).
  7848 | D:10     | 7848 ||| ZAPPING wand of paralysis (16) at -1,-1 (orc
                  | knight; open_door).
  7849 | D:10     | 7849 ||| ZAPPING wand of paralysis (15) at -1,-1 (orc
                  | knight; open_door).
  7850 | D:10     | 7850 ||| ZAPPING wand of paralysis (14) at -1,-1 (orc
                  | knight; open_door).
  7860 | D:10     | Killed an orc knight
  7902 | D:10     | Reached skill level 9 in Dodging
  7979 | D:10     | Identified the +1 flail "Pendulum" {distort, rPois Int+3}
  8139 | D:10     | 8139 ||| READING scroll of brand weapon.
  8139 | D:10     | 8139 ||| BRANDING +2 longbow of flaming.
  8363 | D:10     | Found Fearoum's Weapon Shop.
  8385 | D:10     | 8385 ||| RETREEEEATING.
  8387 | D:10     | 8387 ||| RETREEEEATING.
  8414 | D:10     | 8414 ||| DROPPING +0 robe of resistance.
  8415 | D:10     | 8415 ||| UPGRADING to amulet of guardian spirit.
  8420 | D:10     | 8420 ||| READING 3 scrolls of identify.
  8420 | D:10     | 8420 ||| IDENTIFYING clear potion
  8421 | D:10     | 8421 ||| DROPPING potion of invisibility.
  8475 | D:11     | 8475 ||| STAIRDANCE
  8579 | D:11     | 8579 ||| STAIRDANCE
  8626 | D:11     | Found Fitee's Distillery.
  8629 | D:11     | 8629 ||| BUYING 2 potions of curing (66 gold).
  8629 | D:11     | Bought 2 potions of curing for 66 gold pieces
  8629 | D:11     | 8629 ||| BUYING potion of haste (110 gold).
  8629 | D:11     | Bought a potion of haste for 110 gold pieces
  8629 | D:11     | 8629 ||| SHOPLISTING potion of haste (110 gold, have 46).
  8629 | D:11     | 8629 ||| BUYING potion of might (44 gold).
  8629 | D:11     | Bought a potion of might for 44 gold pieces
  8669 | D:11     | Found a staircase to the Orcish Mines.
  8676 | D:11     | 8676 ||| RETREEEEATING.
  8677 | D:11     | 8677 ||| RETREEEEATING.
  8735 | D:11     | 8735 ||| FLEEEEING.
  8736 | D:11     | 8736 ||| FLEEEEING.
  8738 | D:11     | 8738 ||| FLEEEEING.
  8740 | D:11     | 8740 ||| FLEEEEING.
  8741 | D:11     | 8741 ||| FLEEEEING.
  8742 | D:11     | 8742 ||| FLEEEEING.
  8744 | D:11     | 8744 ||| FLEEEEING.
  8747 | D:11     | 8747 ||| RETREEEEATING.
  8858 | D:11     | Found a staircase to the Lair.
  9075 | D:11     | 9075 ||| PLANNING LAIR
  9075 | D:11     | 9075 ||| READING 2 scrolls of identify.
  9075 | D:11     | 9075 ||| IDENTIFYING scroll labelled WUTAID PUNUE
  9076 | D:11     | 9076 ||| DROPPING scroll of fog.
  9118 | Lair:1   | Entered Level 1 of the Lair of Beasts
  9119 | Lair:1   | 9119 ||| PLANNING GAUNTLET
  9153 | Lair:1   | Noticed a catoblepas
  9154 | Lair:1   | 9154 ||| DRINKING potion of haste.
  9157 | Lair:1   | 9157 ||| Stepping ~*~*~tactically~*~*~ (cloud).
  9161 | Lair:1   | 9161 ||| Stepping ~*~*~tactically~*~*~ (cloud).
  9168 | Lair:1   | Killed a catoblepas
  9220 | Lair:1   | Noticed a death yak
  9223 | Lair:1   | Noticed a death yak
  9225 | Lair:1   | Killed a death yak
  9228 | Lair:1   | Noticed a death yak
  9229 | Lair:1   | Killed a death yak
  9234 | Lair:1   | Killed a death yak
  9325 | Lair:1   | Found a gate leading to a gauntlet.
  9326 | Lair:1   | 9326 ||| READING scroll of identify.
  9326 | Lair:1   | 9326 ||| IDENTIFYING scroll labelled COETUN QELOT
  9327 | Lair:1   | 9327 ||| DROPPING scroll of vulnerability.
  9336 | Gauntlet | Entered a Gauntlet
  9336 | Gauntlet | Found a transporter.
  9336 | Gauntlet | Found a runed translucent door.
  9336 | Gauntlet | Found a transporter.
  9344 | Gauntlet | Found a runed translucent door.
  9354 | Gauntlet | Found a transporter.
  9358 | Gauntlet | Found a transporter.
  9366 | Gauntlet | Found a transporter.
  9370 | Gauntlet | Found a transporter.
  9375 | Gauntlet | Noticed a green death
  9386 | Gauntlet | Found a transporter.
  9393 | Gauntlet | Noticed a green death
  9397 | Gauntlet | Found a transporter.
  9409 | Gauntlet | Found a transporter.
  9413 | Gauntlet | Found a transporter.
  9421 | Gauntlet | Found a transporter.
  9425 | Gauntlet | Found a transporter.
  9482 | Gauntlet | Reached XP level 12. HP: 88/101 MP: 11/15
  9519 | Gauntlet | 9519 ||| UPGRADING to +0 helmet of see invisible.
  9710 | Gauntlet | 9710 ||| READING scroll of enchant weapon.
  9710 | Gauntlet | 9710 ||| ENCHANTING +2 longbow of draining.
  9716 | Gauntlet | 9716 ||| RETREEEEATING.
  9716 | Gauntlet | Identified the +1 scale mail of Waurul {Int+5 Dex-3}
  9724 | Gauntlet | Killed a green death
  9730 | Gauntlet | Reached skill level 10 in Dodging
  9772 | Gauntlet | 9772 ||| DROPPING +6 ring of strength.
  9804 | Gauntlet | Found the +5 Storm Queen's Shield {shock, Fly rElec}
  9804 | Gauntlet | Noticed a minotaur
  9808 | Gauntlet | Killed a minotaur
  9813 | Gauntlet | Identified the +5 rapier "Impslayer" {drain, Int+4}
  9815 | Gauntlet | Identified the +1 scale mail "Byum" {Int+3}
  9817 | Gauntlet | Identified the +3 dagger of Cruel Justice {venom, rPois}
  9822 | Gauntlet | 9822 ||| DROPPING +2 robe of willpower.
  9823 | Gauntlet | 9823 ||| DROPPING +6 ring of intelligence.
  9827 | Lair:1   | 9827 ||| PLANNING LAIR
  9992 | Lair:1   | 9992 ||| RETREEEEATING.
  9993 | Lair:1   | 9993 ||| RETREEEEATING.
  9994 | Lair:1   | 9994 ||| RETREEEEATING.
  9995 | Lair:1   | 9995 ||| RETREEEEATING.
  9996 | Lair:1   | 9996 ||| RETREEEEATING.
  9997 | Lair:1   | 9997 ||| RETREEEEATING.
  9998 | Lair:1   | 9998 ||| RETREEEEATING.
  9999 | Lair:1   | 9999 ||| RETREEEEATING.
 10000 | Lair:1   | 10000 ||| RETREEEEATING.
 10001 | Lair:1   | 10001 ||| RETREEEEATING.
 10002 | Lair:1   | 10002 ||| RETREEEEATING.
 10047 | Lair:1   | 10047 ||| RETREEEEATING.
 10048 | Lair:1   | 10048 ||| RETREEEEATING.
 10049 | Lair:1   | 10049 ||| RETREEEEATING.
 10050 | Lair:1   | 10050 ||| RETREEEEATING.
 10052 | Lair:1   | Reached skill level 15 in Ranged Weapons
 10056 | Lair:1   | 10056 ||| RETREEEEATING.
 10057 | Lair:1   | 10057 ||| RETREEEEATING.
 10556 | Lair:2   | 10556 ||| STAIRDANCE
 10579 | Lair:2   | Reached skill level 9 in Fighting
 10584 | Lair:2   | 10584 ||| RETREEEEATING.
 10587 | Lair:2   | 10587 ||| RETREEEEATING.
 10588 | Lair:2   | 10588 ||| RETREEEEATING.
 10589 | Lair:2   | 10589 ||| STAIRDANCE
 10592 | Lair:1   | 10592 ||| READING scroll of identify.
 10592 | Lair:1   | 10592 ||| IDENTIFYING lumpy silvery potion
 10595 | Lair:2   | 10595 ||| STAIRDANCE
 10607 | Lair:2   | 10607 ||| STAIRDANCE
 10650 | Lair:2   | 10650 ||| RETREEEEATING.
 10659 | Lair:2   | 10659 ||| RETREEEEATING.
 10660 | Lair:2   | 10660 ||| RETREEEEATING.
 10661 | Lair:2   | 10661 ||| RETREEEEATING.
 10662 | Lair:2   | 10662 ||| RETREEEEATING.
 10663 | Lair:2   | 10663 ||| RETREEEEATING.
 10664 | Lair:2   | 10664 ||| RETREEEEATING.
 10665 | Lair:2   | 10665 ||| RETREEEEATING.
 10692 | Lair:2   | 10692 ||| FLEEEEING.
 10741 | Lair:2   | Found a hole to the Spider Nest.
 10760 | Lair:2   | Found a staircase to the Shoals.
 10868 | Lair:2   | Noticed a five-headed hydra
 10871 | Lair:2   | Killed a five-headed hydra
 10872 | Lair:2   | Reached skill level 11 in Dodging
 10936 | Lair:2   | 10936 ||| FLEEEEING.
 11005 | Lair:2   | 11005 ||| FLEEEEING.
 11021 | Lair:2   | 11021 ||| FLEEEEING.
 11031 | Lair:2   | 11031 ||| FLEEEEING.
 11048 | Lair:2   | 11048 ||| FLEEEEING.
 11130 | Lair:2   | Identified the +3 mace of Understanding {chaos, Fly rElec
                  | MP+9 Int-2}
 11428 | Lair:2   | Reached XP level 13. HP: 111/111 MP: 16/16
 11479 | Lair:2   | 11479 ||| RETREEEEATING.
 11620 | Lair:3   | 11620 ||| RETREEEEATING.
 11658 | Lair:3   | Identified the +1 leather armour of the Gardener {rC+
                  | Dex+8}
 11664 | Lair:3   | 11664 ||| Stepping ~*~*~tactically~*~*~ (cloud).
 11669 | Lair:3   | 11669 ||| Stepping ~*~*~tactically~*~*~ (cloud).
 11673 | Lair:3   | 11673 ||| Stepping ~*~*~tactically~*~*~ (cloud).
 11676 | Lair:3   | 11676 ||| Stepping ~*~*~tactically~*~*~ (cloud).
 11677 | Lair:3   | 11677 ||| Stepping ~*~*~tactically~*~*~ (cloud).
 11906 | Lair:3   | Reached skill level 6 in Armour
 12099 | Lair:3   | Identified the +9 scale mail of Immorality {Dex+3}
 12273 | Lair:3   | 12273 ||| DROPPING +3 ring mail of fire resistance.
 12274 | Lair:3   | 12274 ||| UPGRADING to +1 leather armour of the Gardener
                  | {rC+ Dex+8}.
 12284 | Lair:3   | 12284 ||| DROPPING +1 ring mail of Generosity {^Drain +Inv
                  | rC+ Dex+3}.
 12285 | Lair:3   | 12285 ||| DROPPING amulet of magic regeneration.
 12313 | Lair:4   | 12313 ||| RETREEEEATING.
 12314 | Lair:4   | 12314 ||| RETREEEEATING.
 12329 | Lair:4   | 12329 ||| READING scroll of enchant weapon.
 12329 | Lair:4   | 12329 ||| ENCHANTING +3 longbow of draining.
 12337 | Lair:4   | Found a staircase to the Slime Pits.
 12343 | Lair:4   | 12343 ||| RETREEEEATING.
 12344 | Lair:4   | 12344 ||| RETREEEEATING.
 12346 | Lair:4   | 12346 ||| RETREEEEATING.
 12347 | Lair:4   | 12347 ||| RETREEEEATING.
 12561 | Lair:4   | Reached skill level 12 in Dodging
 12787 | Lair:4   | 12787 ||| RETREEEEATING.
 13061 | Lair:4   | 13061 ||| DROPPING ring of willpower.
 13062 | Lair:4   | 13062 ||| READING 4 scrolls of identify.
 13062 | Lair:4   | 13062 ||| IDENTIFYING scroll labelled BOTUSCH KOKEEPHE
 13063 | Lair:4   | 13063 ||| DROPPING scroll of blinking.
 13067 | Lair:5   | Entered Level 5 of the Lair of Beasts
 13068 | Lair:5   | 13068 ||| RETREEEEATING.
 13101 | Lair:5   | Identified the ring of Hudurr {rPois Str+4}
 13104 | Lair:5   | Noticed a dire elephant
 13107 | Lair:5   | 13107 ||| RETREEEEATING.
 13108 | Lair:5   | 13108 ||| RETREEEEATING.
 13109 | Lair:5   | 13109 ||| RETREEEEATING.
 13110 | Lair:5   | 13110 ||| RETREEEEATING.
 13111 | Lair:5   | 13111 ||| RETREEEEATING.
 13112 | Lair:5   | 13112 ||| RETREEEEATING.
 13113 | Lair:5   | 13113 ||| RETREEEEATING.
 13115 | Lair:5   | Killed a dire elephant
 13151 | Lair:5   | 13151 ||| RETREEEEATING.
 13247 | Lair:5   | 13247 ||| RETREEEEATING.
 13253 | Lair:5   | 13253 ||| RETREEEEATING.
 13254 | Lair:5   | 13254 ||| RETREEEEATING.
 13255 | Lair:5   | 13255 ||| RETREEEEATING.
 13259 | Lair:5   | Reached skill level 13 in Dodging
 13396 | Lair:5   | 13396 ||| READING scroll of brand weapon.
 13396 | Lair:5   | 13396 ||| BRANDING +4 longbow of draining.
 13492 | Lair:5   | 13492 ||| RETREEEEATING.
 13494 | Lair:5   | 13494 ||| RETREEEEATING.
 13496 | Lair:5   | 13496 ||| RETREEEEATING.
 13497 | Lair:5   | 13497 ||| RETREEEEATING.
 13498 | Lair:5   | 13498 ||| RETREEEEATING.
 13499 | Lair:5   | 13499 ||| RETREEEEATING.
 13500 | Lair:5   | 13500 ||| RETREEEEATING.
 13501 | Lair:5   | 13501 ||| RETREEEEATING.
 13502 | Lair:5   | 13502 ||| RETREEEEATING.
 13503 | Lair:5   | 13503 ||| RETREEEEATING.
 13504 | Lair:5   | 13504 ||| RETREEEEATING.
 13505 | Lair:5   | 13505 ||| RETREEEEATING.
 13506 | Lair:5   | 13506 ||| RETREEEEATING.
 13507 | Lair:5   | 13507 ||| RETREEEEATING.
 13508 | Lair:5   | 13508 ||| RETREEEEATING.
 13509 | Lair:5   | 13509 ||| RETREEEEATING.
 13510 | Lair:5   | 13510 ||| RETREEEEATING.
 13511 | Lair:5   | 13511 ||| RETREEEEATING.
 13512 | Lair:5   | 13512 ||| RETREEEEATING.
 13513 | Lair:5   | 13513 ||| RETREEEEATING.
 13514 | Lair:5   | 13514 ||| RETREEEEATING.
 13515 | Lair:5   | 13515 ||| RETREEEEATING.
 13516 | Lair:5   | 13516 ||| RETREEEEATING.
 13525 | Lair:5   | 13525 ||| RETREEEEATING.
 13526 | Lair:5   | 13526 ||| RETREEEEATING.
 13527 | Lair:5   | 13527 ||| RETREEEEATING.
 13528 | Lair:5   | 13528 ||| RETREEEEATING.
 13529 | Lair:5   | 13529 ||| RETREEEEATING.
 13530 | Lair:5   | 13530 ||| RETREEEEATING.
 13545 | Lair:5   | Reached XP level 14. HP: 99/118 MP: 14/17
 13884 | Lair:5   | 13884 ||| PLANNING D
 13884 | Lair:5   | 13884 ||| UPGRADING to ring of Hudurr {rPois Str+4}.
 13886 | Lair:5   | 13886 ||| DROPPING ring of fire.
 14218 | D:12     | 14218 ||| RETREEEEATING.
 14431 | D:12     | 14431 ||| UPGRADING to amulet of reflection.
 14441 | D:12     | 14441 ||| DROPPING amulet of guardian spirit.
 14442 | D:12     | 14442 ||| READING 7 scrolls of identify.
 14442 | D:12     | 14442 ||| IDENTIFYING bubbling grey potion
 14443 | D:12     | 14443 ||| DROPPING potion of ambrosia.
 14478 | D:13     | Noticed Sonja
 14480 | D:13     | 14480 ||| STAIRDANCE
 14486 | D:13     | 14486 ||| STAIRDANCE
 14518 | D:13     | Killed Sonja
 14591 | D:13     | Found Iphetuck's Magic Scroll Shoppe.
 14599 | D:13     | 14599 ||| SHOPLISTING scroll of acquirement (832 gold, have
                  | 812).
 14599 | D:13     | 14599 ||| BUYING scroll of identify (32 gold).
 14599 | D:13     | Bought a scroll of identify for 32 gold pieces
 14599 | D:13     | 14599 ||| BUYING scroll of teleportation (48 gold).
 14599 | D:13     | Bought a scroll of teleportation for 48 gold pieces
 14599 | D:13     | 14599 ||| BUYING scroll of teleportation (48 gold).
 14599 | D:13     | Bought a scroll of teleportation for 48 gold pieces
 14599 | D:13     | 14599 ||| BUYING scroll of teleportation (48 gold).
 14599 | D:13     | Bought a scroll of teleportation for 48 gold pieces
 14599 | D:13     | 14599 ||| BUYING scroll of teleportation (48 gold).
 14599 | D:13     | Bought a scroll of teleportation for 48 gold pieces
 14804 | D:13     | Noticed Snorg
 14809 | D:13     | Killed Snorg
 14814 | D:13     | Found a transporter.
 14815 | D:13     | Found a transporter.
 14818 | D:13     | Found a transporter.
 15033 | D:13     | Found a transporter.
 15190 | D:13     | 15190 ||| DROPPING +4 ring of protection.
 15215 | D:14     | 15215 ||| READING scroll of enchant weapon.
 15215 | D:14     | 15215 ||| ENCHANTING +4 longbow of electrocution.
 15356 | D:14     | Noticed Nessos
 15360 | D:14     | Reached skill level 14 in Dodging
 15362 | D:14     | Killed Nessos
 15522 | D:14     | 15522 ||| RETREEEEATING.
 15537 | D:14     | 15537 ||| FLEEEEING.
 15538 | D:14     | 15538 ||| FLEEEEING.
 15580 | D:14     | Found a gate to the Vaults.
 15806 | D:15     | Entered Level 15 of the Dungeon
 15811 | D:15     | 15811 ||| RETREEEEATING.
 15812 | D:15     | 15812 ||| RETREEEEATING.
 15814 | D:15     | 15814 ||| RETREEEEATING.
 15815 | D:15     | 15815 ||| RETREEEEATING.
 15816 | D:15     | 15816 ||| RETREEEEATING.
 15829 | D:15     | Reached skill level 18 in Ranged Weapons
 15922 | D:15     | 15922 ||| RETREEEEATING.
 15923 | D:15     | 15923 ||| RETREEEEATING.
 15924 | D:15     | 15924 ||| RETREEEEATING.
 15926 | D:15     | 15926 ||| RETREEEEATING.
 15929 | D:15     | 15929 ||| RETREEEEATING.
 15931 | D:15     | 15931 ||| RETREEEEATING.
 15996 | D:15     | 15996 ||| FLEEEEING.
 15997 | D:15     | 15997 ||| FLEEEEING.
 16052 | D:15     | Reached XP level 15. HP: 126/126 MP: 18/18
 16054 | D:15     | Found a staircase to the Depths.
 16279 | D:15     | 16279 ||| PLANNING ORC
 16279 | D:15     | 16279 ||| DROPPING amulet of regeneration.
 16350 | Orc:1    | Entered Level 1 of the Orcish Mines
 16459 | Orc:2    | Entered Level 2 of the Orcish Mines
 16459 | Orc:2    | Found a staircase to the Elven Halls.
 16463 | Orc:2    | 16463 ||| STAIRDANCE
 16468 | Orc:2    | 16468 ||| STAIRDANCE
 16484 | Orc:2    | 16484 ||| STAIRDANCE
 16500 | Orc:2    | Reached skill level 15 in Dodging
 16622 | Orc:2    | 16622 ||| RETREEEEATING.
 16623 | Orc:2    | 16623 ||| RETREEEEATING.
 16624 | Orc:2    | 16624 ||| RETREEEEATING.
 16625 | Orc:2    | 16625 ||| RETREEEEATING.
 16628 | Orc:2    | 16628 ||| RETREEEEATING.
 16629 | Orc:2    | 16629 ||| RETREEEEATING.
 16630 | Orc:2    | 16630 ||| RETREEEEATING.
 16646 | Orc:2    | 16646 ||| RETREEEEATING.
 16730 | Orc:2    | 16730 ||| FLEEEEING.
 16731 | Orc:2    | 16731 ||| FLEEEEING.
 16737 | Orc:2    | 16737 ||| RETREEEEATING.
 16738 | Orc:2    | 16738 ||| RETREEEEATING.
 16739 | Orc:2    | 16739 ||| RETREEEEATING.
 16740 | Orc:2    | 16740 ||| RETREEEEATING.
 16741 | Orc:2    | 16741 ||| RETREEEEATING.
 16796 | Orc:2    | 16796 ||| FLEEEEING.
 16797 | Orc:2    | 16797 ||| FLEEEEING.
 16825 | Orc:2    | 16825 ||| FLEEEEING.
 16827 | Orc:2    | 16827 ||| FLEEEEING.
 16830 | Orc:2    | 16830 ||| FLEEEEING.
 16831 | Orc:2    | 16831 ||| FLEEEEING.
 16832 | Orc:2    | 16832 ||| FLEEEEING.
 16834 | Orc:2    | 16834 ||| FLEEEEING.
 16842 | Orc:2    | 16842 ||| FLEEEEING.
 16843 | Orc:2    | 16843 ||| FLEEEEING.
 16844 | Orc:2    | 16844 ||| FLEEEEING.
 16845 | Orc:2    | 16845 ||| FLEEEEING.
 16846 | Orc:2    | 16846 ||| FLEEEEING.
 16847 | Orc:2    | 16847 ||| FLEEEEING.
 16848 | Orc:2    | 16848 ||| FLEEEEING.
 16913 | Orc:2    | Found Mitaurgh's Antique Weapon Shoppe.
 16913 | Orc:2    | Found Vumompup's Magic Scroll Shoppe.
 16917 | Orc:2    | Found Lafiff's Antique Weapon Emporium.
 16930 | Orc:2    | Found Gaes's Jewellery Emporium.
 16933 | Orc:2    | 16933 ||| BUYING scroll of identify (32 gold).
 16933 | Orc:2    | Bought a scroll of identify for 32 gold pieces
 16933 | Orc:2    | 16933 ||| BUYING scroll of teleportation (48 gold).
 16933 | Orc:2    | Bought a scroll of teleportation for 48 gold pieces
 16933 | Orc:2    | 16933 ||| BUYING scroll of teleportation (48 gold).
 16933 | Orc:2    | Bought a scroll of teleportation for 48 gold pieces
 16935 | Orc:2    | 16935 ||| BUYING +6 ring of dexterity (540 gold).
 16935 | Orc:2    | Bought a +6 ring of dexterity for 540 gold pieces
 16995 | Orc:2    | Reached skill level 16 in Dodging
 17026 | Orc:2    | 17026 ||| DROPPING ring of protection from fire.
 17027 | Orc:2    | 17027 ||| UPGRADING to +6 ring of dexterity.
 17029 | Orc:2    | 17029 ||| DROPPING +5 ring of evasion.
 17030 | Orc:2    | 17030 ||| DROPPING ring of Hudurr {rPois Str+4}.
 17568 | Orc:2    | 17568 ||| PLANNING SHOALS:1-3
 17728 | Shoals:1 | Entered Level 1 of the Shoals
 17731 | Shoals:1 | 17731 ||| STAIRDANCE
 17942 | Shoals:1 | 17942 ||| FLEEEEING.
 17943 | Shoals:1 | 17943 ||| FLEEEEING.
 17944 | Shoals:1 | 17944 ||| FLEEEEING.
 17945 | Shoals:1 | 17945 ||| FLEEEEING.
 17946 | Shoals:1 | 17946 ||| FLEEEEING.
 17947 | Shoals:1 | 17947 ||| FLEEEEING.
 17948 | Shoals:1 | 17948 ||| FLEEEEING.
 17949 | Shoals:1 | 17949 ||| FLEEEEING.
 17951 | Shoals:1 | 17951 ||| FLEEEEING.
 17952 | Shoals:1 | 17952 ||| FLEEEEING.
 17953 | Shoals:1 | 17953 ||| FLEEEEING.
 17954 | Shoals:1 | 17954 ||| FLEEEEING.
 17955 | Shoals:1 | 17955 ||| FLEEEEING.
 17956 | Shoals:1 | 17956 ||| FLEEEEING.
 17957 | Shoals:1 | 17957 ||| FLEEEEING.
 17958 | Shoals:1 | 17958 ||| FLEEEEING.
 18167 | Shoals:1 | 18167 ||| RETREEEEATING.
 18198 | Shoals:1 | 18198 ||| FLEEEEING.
 18199 | Shoals:1 | 18199 ||| FLEEEEING.
 18200 | Shoals:1 | 18200 ||| FLEEEEING.
 18302 | Shoals:1 | Noticed Jorgrun
 18307 | Shoals:1 | Killed Jorgrun
 18516 | Shoals:1 | 18516 ||| DROPPING ring of wizardry.
 18633 | Shoals:2 | 18633 ||| FLEEEEING.
 18635 | Shoals:2 | 18635 ||| FLEEEEING.
 18636 | Shoals:2 | 18636 ||| FLEEEEING.
 18638 | Shoals:2 | 18638 ||| FLEEEEING.
 18639 | Shoals:2 | 18639 ||| FLEEEEING.
 18640 | Shoals:2 | 18640 ||| FLEEEEING.
 18828 | Shoals:2 | Found Dusharph's Jewellery Shop.
 18836 | Shoals:2 | 18836 ||| READING scroll of enchant weapon.
 18836 | Shoals:2 | 18836 ||| ENCHANTING +5 longbow of electrocution.
 18847 | Shoals:2 | Found Giyrhi's Magic Scroll Emporium.
 18855 | Shoals:2 | 18855 ||| BUYING scroll of teleportation (36 gold).
 18855 | Shoals:2 | Bought a scroll of teleportation for 36 gold pieces
 19206 | Shoals:3 | Found a glacial archway.
 19215 | Shoals:3 | 19215 ||| STAIRDANCE
 19222 | Shoals:3 | 19222 ||| STAIRDANCE
 19237 | Shoals:3 | 19237 ||| STAIRDANCE
 19243 | Shoals:3 | 19243 ||| STAIRDANCE
 19346 | Shoals:3 | 19346 ||| RETREEEEATING.
 19350 | Shoals:3 | Noticed Polyphemus
 19351 | Shoals:3 | 19351 ||| ZAPPING wand of quicksilver (22) at -6,-7
                  | (Polyphemus; shallow_water).
 19352 | Shoals:3 | 19352 ||| ZAPPING wand of quicksilver (21) at -5,-6
                  | (Polyphemus; shallow_water).
 19354 | Shoals:3 | 19354 ||| ZAPPING wand of quicksilver (20) at -4,-4
                  | (Polyphemus; shallow_water).
 19355 | Shoals:3 | 19355 ||| ZAPPING wand of quicksilver (19) at -3,-3
                  | (Polyphemus; floor).
 19356 | Shoals:3 | 19356 ||| ZAPPING wand of quicksilver (18) at -2,-2
                  | (Polyphemus; shallow_water).
 19357 | Shoals:3 | 19357 ||| ZAPPING wand of quicksilver (17) at -2,-1
                  | (Polyphemus; floor).
 19361 | Shoals:3 | Killed Polyphemus
 19363 | Shoals:3 | Reached XP level 16. HP: 137/137 MP: 19/19
 19597 | Shoals:3 | Reached skill level 17 in Dodging
 19648 | Shoals:3 | 19648 ||| Stepping ~*~*~tactically~*~*~ (cloud).
 19650 | Shoals:3 | 19650 ||| Stepping ~*~*~tactically~*~*~ (cloud).
 19710 | Shoals:3 | 19710 ||| READING scroll of enchant weapon.
 19710 | Shoals:3 | 19710 ||| ENCHANTING +6 longbow of electrocution.
 19729 | Shoals:3 | 19729 ||| READING 3 scrolls of enchant armour.
 19729 | Shoals:3 | 19729 ||| ENCHANTING +0 helmet of see invisible.
 19730 | Shoals:3 | 19730 ||| READING 2 scrolls of enchant armour.
 19730 | Shoals:3 | 19730 ||| ENCHANTING +1 helmet of see invisible.
 19778 | Shoals:3 | 19778 ||| PLANNING SPIDER:1-3
 19778 | Shoals:3 | 19778 ||| DROPPING +1 helmet.
 19860 | Spider:1 | Entered Level 1 of the Spider Nest
 20204 | Spider:1 | 20204 ||| ZAPPING wand of quicksilver (16) at -4,-3
                  | (entropy weaver; floor).
 20205 | Spider:1 | 20205 ||| RETREEEEATING.
 20207 | Spider:1 | 20207 ||| RETREEEEATING.
 20208 | Spider:1 | 20208 ||| RETREEEEATING.
 20210 | Spider:1 | 20210 ||| RETREEEEATING.
 20211 | Spider:1 | 20211 ||| RETREEEEATING.
 20212 | Spider:1 | 20212 ||| RETREEEEATING.
 20214 | Spider:1 | 20214 ||| RETREEEEATING.
 20215 | Spider:1 | 20215 ||| ZAPPING wand of quicksilver (15) at -2,0 (entropy
                  | weaver; floor).
 20415 | Spider:1 | 20415 ||| RETREEEEATING.
 20547 | Spider:1 | 20547 ||| DROPPING ring of see invisible.
 20548 | Spider:1 | 20548 ||| DROPPING ring of magical power.
 20577 | Spider:2 | 20577 ||| RETREEEEATING.
 20582 | Spider:2 | 20582 ||| ZAPPING wand of quicksilver (14) at 3,1 (torpor
                  | snail; floor).
 20583 | Spider:2 | 20583 ||| ZAPPING wand of quicksilver (13) at 2,0 (torpor
                  | snail; floor).
 20642 | Spider:2 | 20642 ||| RETREEEEATING.
 20645 | Spider:2 | 20645 ||| RETREEEEATING.
 20646 | Spider:2 | 20646 ||| RETREEEEATING.
 20647 | Spider:2 | 20647 ||| RETREEEEATING.
 20648 | Spider:2 | 20648 ||| RETREEEEATING.
 20649 | Spider:2 | 20649 ||| RETREEEEATING.
 20650 | Spider:2 | 20650 ||| RETREEEEATING.
 20651 | Spider:2 | 20651 ||| RETREEEEATING.
 20652 | Spider:2 | 20652 ||| RETREEEEATING.
 20663 | Spider:2 | 20663 ||| FLEEEEING.
 20684 | Spider:2 | 20684 ||| RETREEEEATING.
 20686 | Spider:2 | 20686 ||| RETREEEEATING.
 20691 | Spider:2 | 20691 ||| RETREEEEATING.
 20731 | Spider:2 | 20731 ||| RETREEEEATING.
 20732 | Spider:2 | 20732 ||| RETREEEEATING.
 20733 | Spider:2 | 20733 ||| RETREEEEATING.
 20734 | Spider:2 | 20734 ||| RETREEEEATING.
 20735 | Spider:2 | 20735 ||| RETREEEEATING.
 20736 | Spider:2 | 20736 ||| RETREEEEATING.
 20737 | Spider:2 | 20737 ||| RETREEEEATING.
 20738 | Spider:2 | 20738 ||| RETREEEEATING.
 20739 | Spider:2 | 20739 ||| RETREEEEATING.
 20740 | Spider:2 | 20740 ||| RETREEEEATING.
 20741 | Spider:2 | 20741 ||| RETREEEEATING.
 20742 | Spider:2 | 20742 ||| RETREEEEATING.
 20743 | Spider:2 | 20743 ||| RETREEEEATING.
 20744 | Spider:2 | 20744 ||| RETREEEEATING.
 20745 | Spider:2 | 20745 ||| RETREEEEATING.
 20746 | Spider:2 | 20746 ||| RETREEEEATING.
 20747 | Spider:2 | 20747 ||| RETREEEEATING.
 20748 | Spider:2 | 20748 ||| RETREEEEATING.
 20749 | Spider:2 | 20749 ||| RETREEEEATING.
 21445 | Spider:2 | 21445 ||| READING scroll of enchant weapon.
 21445 | Spider:2 | 21445 ||| ENCHANTING +7 longbow of electrocution.
 21519 | Spider:2 | 21519 ||| READING 15 scrolls of identify.
 21519 | Spider:2 | 21519 ||| IDENTIFYING gluggy clear potion
 21520 | Spider:2 | 21520 ||| READING 14 scrolls of identify.
 21520 | Spider:2 | 21520 ||| IDENTIFYING fizzy blue potion
 21521 | Spider:2 | 21521 ||| DROPPING potion of magic.
 21568 | Spider:3 | 21568 ||| RETREEEEATING.
 21572 | Spider:3 | Reached skill level 18 in Dodging
 21725 | Spider:3 | Noticed Asterion
 21733 | Spider:3 | Killed Asterion
 21756 | Spider:3 | 21756 ||| ZAPPING wand of quicksilver (12) at 0,-5 (entropy
                  | weaver; floor).
 21882 | Spider:3 | Noticed Nikola
 21887 | Spider:3 | Killed Nikola
 21888 | Spider:3 | Reached skill level 12 in Fighting
 22023 | Spider:3 | Reached XP level 17. HP: 146/146 MP: 20/20
 22059 | Spider:3 | 22059 ||| RETREEEEATING.
 22403 | Spider:3 | 22403 ||| PLANNING SHOALS:4
 22548 | Shoals:4 | Entered Level 4 of the Shoals
 22554 | Shoals:4 | Noticed Mlioglotl
 22565 | Shoals:4 | Killed Mlioglotl
 22592 | Shoals:4 | 22592 ||| RETREEEEATING.
 22593 | Shoals:4 | 22593 ||| RETREEEEATING.
 22594 | Shoals:4 | 22594 ||| RETREEEEATING.
 22595 | Shoals:4 | 22595 ||| RETREEEEATING.
 22603 | Shoals:4 | 22603 ||| RETREEEEATING.
 22604 | Shoals:4 | 22604 ||| RETREEEEATING.
 22604 | Shoals:4 | Paralysed by a formless jellyfish for 1 turns
 22606 | Shoals:4 | 22606 ||| RETREEEEATING.
 22609 | Shoals:4 | 22609 ||| RETREEEEATING.
 22613 | Shoals:4 | 22613 ||| RETREEEEATING.
 22615 | Shoals:4 | 22615 ||| RETREEEEATING.
 22630 | Shoals:4 | 22630 ||| RETREEEEATING.
 22631 | Shoals:4 | 22631 ||| RETREEEEATING.
 22671 | Shoals:4 | Identified the +5 mace of Malum Prohibitum {freeze, rN+
                  | Will+ Str-2}
 22693 | Shoals:4 | 22693 ||| RETREEEEATING.
 22726 | Shoals:4 | 22726 ||| ZAPPING wand of quicksilver (11) at 1,-7 (satyr;
                  | floor).
 22739 | Shoals:4 | Reached skill level 19 in Dodging
 22809 | Shoals:4 | 22809 ||| RETREEEEATING.
 22975 | Shoals:4 | Found the +8 demon blade "Leech" {evervamp, Harm ^Drain
                  | rN+}
 22985 | Shoals:4 | Got a barnacled rune of Zot
 23116 | Shoals:4 | 23116 ||| PLANNING VAULTS:1-4
 23116 | Shoals:4 | 23116 ||| DROPPING ring of poison resistance.
 23300 | Vaults:1 | Entered Level 1 of the Vaults
 23301 | Vaults:1 | 23301 ||| RETREEEEATING.
 23302 | Vaults:1 | 23302 ||| RETREEEEATING.
 23303 | Vaults:1 | 23303 ||| RETREEEEATING.
 23304 | Vaults:1 | 23304 ||| RETREEEEATING.
 23305 | Vaults:1 | 23305 ||| RETREEEEATING.
 23421 | Vaults:1 | 23421 ||| RETREEEEATING.
 23422 | Vaults:1 | 23422 ||| RETREEEEATING.
 23423 | Vaults:1 | 23423 ||| RETREEEEATING.
 23424 | Vaults:1 | 23424 ||| RETREEEEATING.
 23425 | Vaults:1 | 23425 ||| RETREEEEATING.
 23487 | Vaults:1 | 23487 ||| RETREEEEATING.
 23488 | Vaults:1 | 23488 ||| RETREEEEATING.
 23489 | Vaults:1 | 23489 ||| RETREEEEATING.
 23491 | Vaults:1 | 23491 ||| RETREEEEATING.
 23492 | Vaults:1 | 23492 ||| RETREEEEATING.
 23493 | Vaults:1 | 23493 ||| RETREEEEATING.
 23494 | Vaults:1 | 23494 ||| RETREEEEATING.
 23495 | Vaults:1 | 23495 ||| RETREEEEATING.
 23496 | Vaults:1 | 23496 ||| RETREEEEATING.
 23497 | Vaults:1 | 23497 ||| RETREEEEATING.
 23498 | Vaults:1 | 23498 ||| RETREEEEATING.
 23499 | Vaults:1 | 23499 ||| RETREEEEATING.
 23500 | Vaults:1 | 23500 ||| RETREEEEATING.
 23505 | Vaults:1 | Reached skill level 20 in Dodging
 23559 | Vaults:1 | 23559 ||| ZAPPING wand of quicksilver (10) at 0,2 (war
                  | gargoyle; floor).
 23730 | Vaults:1 | 23730 ||| DRINKING potion of resistance.
 23734 | Vaults:1 | Found Sucw's Weapon Emporium.
 23741 | Vaults:1 | 23741 ||| READING scroll of brand weapon.
 23741 | Vaults:1 | 23741 ||| BRANDING +8 longbow of electrocution.
 23835 | Vaults:1 | 23835 ||| FLEEEEING.
 23836 | Vaults:1 | 23836 ||| FLEEEEING.
 24038 | Vaults:1 | 24038 ||| RETREEEEATING.
 24039 | Vaults:1 | 24039 ||| RETREEEEATING.
 24040 | Vaults:1 | 24040 ||| RETREEEEATING.
 24042 | Vaults:1 | 24042 ||| RETREEEEATING.
 24046 | Vaults:1 | 24046 ||| RETREEEEATING.
 24047 | Vaults:1 | 24047 ||| RETREEEEATING.
 24048 | Vaults:1 | 24048 ||| RETREEEEATING.
 24049 | Vaults:1 | 24049 ||| RETREEEEATING.
 24050 | Vaults:1 | 24050 ||| RETREEEEATING.
 24051 | Vaults:1 | 24051 ||| RETREEEEATING.
 24052 | Vaults:1 | 24052 ||| RETREEEEATING.
 24053 | Vaults:1 | 24053 ||| RETREEEEATING.
 24054 | Vaults:1 | 24054 ||| RETREEEEATING.
 24056 | Vaults:1 | Reached XP level 18. HP: 159/159 MP: 21/21
 24383 | Vaults:1 | 24383 ||| FLEEEEING.
 24384 | Vaults:1 | 24384 ||| FLEEEEING.
 24389 | Vaults:1 | 24389 ||| FLEEEEING.
 24391 | Vaults:1 | 24391 ||| FLEEEEING.
 24392 | Vaults:1 | 24392 ||| FLEEEEING.
 24393 | Vaults:1 | 24393 ||| FLEEEEING.
 24394 | Vaults:1 | 24394 ||| FLEEEEING.
 24395 | Vaults:1 | 24395 ||| FLEEEEING.
 24396 | Vaults:1 | 24396 ||| FLEEEEING.
 24501 | Vaults:1 | 24501 ||| RETREEEEATING.
 24517 | Vaults:1 | 24517 ||| FLEEEEING.
 24518 | Vaults:1 | 24518 ||| FLEEEEING.
 24519 | Vaults:1 | 24519 ||| FLEEEEING.
 24520 | Vaults:1 | 24520 ||| FLEEEEING.
 24521 | Vaults:1 | 24521 ||| FLEEEEING.
 24573 | Vaults:1 | 24573 ||| RETREEEEATING.
 24599 | Vaults:1 | 24599 ||| DROPPING wand of mindburst (23).
 24627 | Vaults:2 | Found the +13 scythe of Curses {drain, curses, ^Drain}
 24860 | Vaults:2 | Identified the +9 great mace of Poverty {speed, rC+}
 24957 | Vaults:2 | 24957 ||| RETREEEEATING.
 24959 | Vaults:2 | 24959 ||| RETREEEEATING.
 24960 | Vaults:2 | 24960 ||| RETREEEEATING.
 24962 | Vaults:2 | 24962 ||| RETREEEEATING.
 24963 | Vaults:2 | 24963 ||| RETREEEEATING.
 24964 | Vaults:2 | 24964 ||| RETREEEEATING.
 24965 | Vaults:2 | 24965 ||| RETREEEEATING.
 24966 | Vaults:2 | 24966 ||| RETREEEEATING.
 24967 | Vaults:2 | 24967 ||| RETREEEEATING.
 24968 | Vaults:2 | 24968 ||| RETREEEEATING.
 24969 | Vaults:2 | 24969 ||| RETREEEEATING.
 24970 | Vaults:2 | 24970 ||| RETREEEEATING.
 24971 | Vaults:2 | 24971 ||| RETREEEEATING.
 24972 | Vaults:2 | 24972 ||| RETREEEEATING.
 24973 | Vaults:2 | 24973 ||| RETREEEEATING.
 24974 | Vaults:2 | 24974 ||| RETREEEEATING.
 24975 | Vaults:2 | 24975 ||| FLEEEEING.
 24976 | Vaults:2 | 24976 ||| FLEEEEING.
 24977 | Vaults:2 | 24977 ||| FLEEEEING.
 24978 | Vaults:2 | 24978 ||| FLEEEEING.
 24979 | Vaults:2 | 24979 ||| RETREEEEATING.
 24986 | Vaults:2 | 24986 ||| FLEEEEING.
 24987 | Vaults:2 | 24987 ||| FLEEEEING.
 24988 | Vaults:2 | 24988 ||| FLEEEEING.
 24989 | Vaults:2 | 24989 ||| FLEEEEING.
 24990 | Vaults:2 | 24990 ||| FLEEEEING.
 24991 | Vaults:2 | 24991 ||| FLEEEEING.
 24992 | Vaults:2 | 24992 ||| FLEEEEING.
 24993 | Vaults:2 | 24993 ||| FLEEEEING.
 24994 | Vaults:2 | 24994 ||| FLEEEEING.
 24995 | Vaults:2 | 24995 ||| FLEEEEING.
 25002 | Vaults:2 | Reached skill level 21 in Dodging
 25291 | Vaults:2 | 25291 ||| SWAPPING to +2 hand cannon of flaming.
 25292 | Vaults:2 | 25292 ||| DROPPING +8 longbow of draining.
 25426 | Vaults:2 | 25426 ||| RETREEEEATING.
 25427 | Vaults:2 | 25427 ||| RETREEEEATING.
 25428 | Vaults:2 | 25428 ||| RETREEEEATING.
 25429 | Vaults:2 | 25429 ||| RETREEEEATING.
 25430 | Vaults:2 | 25430 ||| RETREEEEATING.
 25575 | Vaults:2 | Found a staircase to the Crypt.
 25814 | Vaults:3 | 25814 ||| RETREEEEATING.
 25816 | Vaults:3 | 25816 ||| RETREEEEATING.
 25824 | Vaults:3 | 25824 ||| RETREEEEATING.
 25825 | Vaults:3 | 25825 ||| RETREEEEATING.
 25826 | Vaults:3 | 25826 ||| RETREEEEATING.
 25827 | Vaults:3 | 25827 ||| RETREEEEATING.
 25876 | Vaults:3 | 25876 ||| RETREEEEATING.
 25878 | Vaults:3 | 25878 ||| RETREEEEATING.
 25879 | Vaults:3 | 25879 ||| RETREEEEATING.
 25887 | Vaults:3 | 25887 ||| RETREEEEATING.
 25892 | Vaults:3 | 25892 ||| ZAPPING wand of quicksilver (9) at 4,1 (arcanist;
                  | floor).
 25894 | Vaults:3 | 25894 ||| ZAPPING wand of quicksilver (8) at 3,1 (arcanist;
                  | floor).
 25895 | Vaults:3 | 25895 ||| ZAPPING wand of quicksilver (7) at 3,1 (arcanist;
                  | floor).
 25896 | Vaults:3 | 25896 ||| ZAPPING wand of quicksilver (6) at 3,1 (arcanist;
                  | floor).
 25900 | Vaults:3 | 25900 ||| ZAPPING wand of quicksilver (5) at 3,1 (arcanist;
                  | floor).
 25901 | Vaults:3 | 25901 ||| ZAPPING wand of quicksilver (4) at 3,1 (arcanist;
                  | floor).
 25902 | Vaults:3 | 25902 ||| ZAPPING wand of quicksilver (3) at 2,1 (arcanist;
                  | open_door).
 25905 | Vaults:3 | 25905 ||| FLEEEEING.
 25906 | Vaults:3 | 25906 ||| FLEEEEING.
 25907 | Vaults:3 | 25907 ||| FLEEEEING.
 25908 | Vaults:3 | 25908 ||| FLEEEEING.
 25909 | Vaults:3 | 25909 ||| FLEEEEING.
 25910 | Vaults:3 | 25910 ||| FLEEEEING.
 25911 | Vaults:3 | 25911 ||| FLEEEEING.
 25912 | Vaults:3 | 25912 ||| FLEEEEING.
 26285 | Vaults:3 | Reached skill level 21 in Ranged Weapons
 26304 | Vaults:3 | 26304 ||| READING scroll of enchant weapon.
 26304 | Vaults:3 | 26304 ||| ENCHANTING +2 hand cannon of flaming.
 26380 | Vaults:3 | 26380 ||| RETREEEEATING.
 26381 | Vaults:3 | 26381 ||| RETREEEEATING.
 26382 | Vaults:3 | 26382 ||| RETREEEEATING.
 26384 | Vaults:3 | 26384 ||| RETREEEEATING.
 26386 | Vaults:3 | 26386 ||| RETREEEEATING.
 26388 | Vaults:3 | 26388 ||| RETREEEEATING.
 26814 | Vaults:3 | Found Miec's Magic Scroll Boutique.
 26817 | Vaults:3 | 26817 ||| RETREEEEATING.
 26822 | Vaults:3 | 26822 ||| RETREEEEATING.
 26955 | Vaults:3 | Reached XP level 19. HP: 167/167 MP: 22/22
 27131 | Vaults:3 | 27131 ||| DROPPING +2 helmet.
 27175 | Vaults:4 | 27175 ||| READING 20 scrolls of teleportation.
 27176 | Vaults:4 | 27176 ||| RETREEEEATING.
 27177 | Vaults:4 | 27177 ||| RETREEEEATING.
 27178 | Vaults:4 | 27178 ||| RETREEEEATING.
 27324 | Vaults:4 | 27324 ||| RETREEEEATING.
 27325 | Vaults:4 | 27325 ||| RETREEEEATING.
 27326 | Vaults:4 | 27326 ||| RETREEEEATING.
 27327 | Vaults:4 | 27327 ||| RETREEEEATING.
 27328 | Vaults:4 | 27328 ||| RETREEEEATING.
 27329 | Vaults:4 | 27329 ||| RETREEEEATING.
 27330 | Vaults:4 | 27330 ||| RETREEEEATING.
 27339 | Vaults:4 | 27339 ||| ZAPPING wand of quicksilver (2) at 3,-5
                  | (arcanist; floor).
 27342 | Vaults:4 | 27342 ||| ZAPPING wand of quicksilver (1) at 1,-3
                  | (arcanist; floor).
 27363 | Vaults:4 | 27363 ||| RETREEEEATING.
 27364 | Vaults:4 | 27364 ||| RETREEEEATING.
 27368 | Vaults:4 | 27368 ||| RETREEEEATING.
 27369 | Vaults:4 | 27369 ||| RETREEEEATING.
 27370 | Vaults:4 | 27370 ||| RETREEEEATING.
 27371 | Vaults:4 | 27371 ||| RETREEEEATING.
 27372 | Vaults:4 | 27372 ||| RETREEEEATING.
 27373 | Vaults:4 | 27373 ||| RETREEEEATING.
 27374 | Vaults:4 | 27374 ||| RETREEEEATING.
 27375 | Vaults:4 | 27375 ||| RETREEEEATING.
 27376 | Vaults:4 | 27376 ||| RETREEEEATING.
 27378 | Vaults:4 | 27378 ||| RETREEEEATING.
 27626 | Vaults:4 | 27626 ||| FLEEEEING.
 27627 | Vaults:4 | 27627 ||| FLEEEEING.
 27628 | Vaults:4 | 27628 ||| FLEEEEING.
 27629 | Vaults:4 | 27629 ||| FLEEEEING.
 27630 | Vaults:4 | 27630 ||| FLEEEEING.
 27631 | Vaults:4 | 27631 ||| FLEEEEING.
 27632 | Vaults:4 | 27632 ||| FLEEEEING.
 27633 | Vaults:4 | 27633 ||| FLEEEEING.
 27635 | Vaults:4 | 27635 ||| FLEEEEING.
 27638 | Vaults:4 | 27638 ||| FLEEEEING.
 27639 | Vaults:4 | 27639 ||| FLEEEEING.
 27640 | Vaults:4 | 27640 ||| FLEEEEING.
 27642 | Vaults:4 | 27642 ||| RETREEEEATING.
 27643 | Vaults:4 | 27643 ||| RETREEEEATING.
 27644 | Vaults:4 | 27644 ||| RETREEEEATING.
 27646 | Vaults:4 | 27646 ||| RETREEEEATING.
 27648 | Vaults:4 | 27648 ||| RETREEEEATING.
 27649 | Vaults:4 | 27649 ||| RETREEEEATING.
 27652 | Vaults:4 | 27652 ||| RETREEEEATING.
 27653 | Vaults:4 | 27653 ||| READING 20 scrolls of teleportation.
 27925 | Vaults:4 | 27925 ||| RETREEEEATING.
 27959 | Vaults:4 | Identified the +1 leather armour of the Writhing Gods
                  | {^Contam Rampage Will+}
 27978 | Vaults:4 | Noticed a golden dragon
 27981 | Vaults:4 | Killed a golden dragon
 28264 | Vaults:4 | 28264 ||| PLANNING SPIDER:4
 28603 | Spider:4 | Entered Level 4 of the Spider Nest
 28609 | Spider:4 | 28609 ||| STAIRDANCE
 28616 | Spider:4 | 28616 ||| STAIRDANCE
 28621 | Spider:4 | 28621 ||| STAIRDANCE
 28625 | Spider:4 | 28625 ||| STAIRDANCE
 28654 | Spider:4 | 28654 ||| STAIRDANCE
 28685 | Spider:4 | 28685 ||| RETREEEEATING.
 28696 | Spider:4 | 28696 ||| RETREEEEATING.
 28697 | Spider:4 | 28697 ||| RETREEEEATING.
 28698 | Spider:4 | 28698 ||| RETREEEEATING.
 28699 | Spider:4 | 28699 ||| RETREEEEATING.
 28700 | Spider:4 | 28700 ||| RETREEEEATING.
 28704 | Spider:4 | 28704 ||| RETREEEEATING.
 28705 | Spider:4 | 28705 ||| RETREEEEATING.
 28706 | Spider:4 | 28706 ||| RETREEEEATING.
 28710 | Spider:4 | 28710 ||| RETREEEEATING.
 28714 | Spider:4 | 28714 ||| RETREEEEATING.
 28715 | Spider:4 | 28715 ||| RETREEEEATING.
 28716 | Spider:4 | 28716 ||| RETREEEEATING.
 28717 | Spider:4 | 28717 ||| RETREEEEATING.
 28718 | Spider:4 | 28718 ||| RETREEEEATING.
 28793 | Spider:4 | Found a runed translucent gate.
 28794 | Spider:4 | Found a runed translucent gate.
 28795 | Spider:4 | Found a runed translucent gate.
 28798 | Spider:4 | Noticed qw's ghost (adept DjHu)
 28844 | Spider:4 | 28844 ||| RETREEEEATING.
 28845 | Spider:4 | 28845 ||| RETREEEEATING.
 28846 | Spider:4 | 28846 ||| RETREEEEATING.
 28847 | Spider:4 | 28847 ||| RETREEEEATING.
 28848 | Spider:4 | 28848 ||| RETREEEEATING.
 28849 | Spider:4 | 28849 ||| RETREEEEATING.
 28850 | Spider:4 | 28850 ||| RETREEEEATING.
 28851 | Spider:4 | 28851 ||| RETREEEEATING.
 28852 | Spider:4 | 28852 ||| RETREEEEATING.
 28853 | Spider:4 | 28853 ||| RETREEEEATING.
 28857 | Spider:4 | 28857 ||| RETREEEEATING.
 28858 | Spider:4 | 28858 ||| RETREEEEATING.
 28859 | Spider:4 | 28859 ||| RETREEEEATING.
 29165 | Spider:4 | 29165 ||| RETREEEEATING.
 29166 | Spider:4 | 29166 ||| RETREEEEATING.
 29168 | Spider:4 | 29168 ||| RETREEEEATING.
 29170 | Spider:4 | 29170 ||| RETREEEEATING.
 29171 | Spider:4 | 29171 ||| RETREEEEATING.
 29172 | Spider:4 | 29172 ||| RETREEEEATING.
 29173 | Spider:4 | 29173 ||| RETREEEEATING.
 29338 | Spider:4 | 29338 ||| RETREEEEATING.
 29339 | Spider:4 | 29339 ||| RETREEEEATING.
 29340 | Spider:4 | 29340 ||| RETREEEEATING.
 29341 | Spider:4 | 29341 ||| RETREEEEATING.
 29344 | Spider:4 | 29344 ||| RETREEEEATING.
 29345 | Spider:4 | 29345 ||| RETREEEEATING.
 29347 | Spider:4 | 29347 ||| RETREEEEATING.
 29348 | Spider:4 | 29348 ||| RETREEEEATING.
 29349 | Spider:4 | 29349 ||| RETREEEEATING.
 29350 | Spider:4 | 29350 ||| RETREEEEATING.
 29353 | Spider:4 | 29353 ||| RETREEEEATING.
 29354 | Spider:4 | 29354 ||| RETREEEEATING.
 29355 | Spider:4 | 29355 ||| RETREEEEATING.
 29356 | Spider:4 | 29356 ||| RETREEEEATING.
 29358 | Spider:4 | 29358 ||| RETREEEEATING.
 29359 | Spider:4 | 29359 ||| RETREEEEATING.
 29360 | Spider:4 | 29360 ||| RETREEEEATING.
 29361 | Spider:4 | 29361 ||| RETREEEEATING.
 29362 | Spider:4 | 29362 ||| RETREEEEATING.
 29369 | Spider:4 | 29369 ||| RETREEEEATING.
 29370 | Spider:4 | 29370 ||| RETREEEEATING.
 29371 | Spider:4 | 29371 ||| RETREEEEATING.
 29372 | Spider:4 | 29372 ||| RETREEEEATING.
 29375 | Spider:4 | 29375 ||| RETREEEEATING.
 29376 | Spider:4 | 29376 ||| RETREEEEATING.
 29377 | Spider:4 | 29377 ||| RETREEEEATING.
 29378 | Spider:4 | 29378 ||| RETREEEEATING.
 29379 | Spider:4 | 29379 ||| RETREEEEATING.
 29380 | Spider:4 | 29380 ||| RETREEEEATING.
 29381 | Spider:4 | 29381 ||| RETREEEEATING.
 29382 | Spider:4 | 29382 ||| RETREEEEATING.
 29388 | Spider:4 | 29388 ||| RETREEEEATING.
 29389 | Spider:4 | 29389 ||| RETREEEEATING.
 29390 | Spider:4 | 29390 ||| RETREEEEATING.
 29391 | Spider:4 | 29391 ||| RETREEEEATING.
 29450 | Spider:4 | Got a gossamer rune of Zot
 29694 | Spider:4 | 29694 ||| PLANNING DEPTHS
 29694 | Spider:4 | 29694 ||| DROPPING +1 pair of gloves of hurling.
 29695 | Spider:4 | 29695 ||| DROPPING ring of protection from cold.
 29952 | Depths:1 | Entered Level 1 of the Depths
 30081 | Depths:1 | Reached skill level 24 in Ranged Weapons
 30091 | Depths:1 | 30091 ||| Stepping ~*~*~tactically~*~*~ (cloud).
 30098 | Depths:1 | 30098 ||| Stepping ~*~*~tactically~*~*~ (cloud).
 30099 | Depths:1 | 30099 ||| Stepping ~*~*~tactically~*~*~ (cloud).
 30359 | Depths:1 | Reached XP level 20. HP: 102/174 MP: 24/24
 30841 | Depths:1 | 30841 ||| Stepping ~*~*~tactically~*~*~ (cloud).
 30842 | Depths:1 | 30842 ||| READING 18 scrolls of identify.
 30842 | Depths:1 | 30842 ||| IDENTIFYING 2 metallic orange potions
 30857 | Depths:1 | Found a gateway to Hell.
 30863 | Depths:1 | 30863 ||| DROPPING 2 potions of attraction.
 30915 | Depths:2 | 30915 ||| STAIRDANCE
 30949 | Depths:2 | 30949 ||| STAIRDANCE
 30970 | Depths:2 | 30970 ||| STAIRDANCE
 31003 | Depths:2 | Found Big Baal Hell's Store.
 31005 | Depths:2 | 31005 ||| RETREEEEATING.
 31009 | Depths:2 | 31009 ||| RETREEEEATING.
 31010 | Depths:2 | 31010 ||| RETREEEEATING.
 31011 | Depths:2 | 31011 ||| RETREEEEATING.
 31012 | Depths:2 | 31012 ||| RETREEEEATING.
 31013 | Depths:2 | 31013 ||| RETREEEEATING.
 31014 | Depths:2 | 31014 ||| RETREEEEATING.
 31020 | Depths:2 | 31020 ||| RETREEEEATING.
 31021 | Depths:2 | 31021 ||| RETREEEEATING.
 31024 | Depths:2 | 31024 ||| RETREEEEATING.
 31025 | Depths:2 | 31025 ||| RETREEEEATING.
 31026 | Depths:2 | 31026 ||| RETREEEEATING.
 31026 | Depths:2 | HP: 33/174 [deep troll earth mage/blast of rock fragments
                  | (33)]
 31027 | Depths:2 | 31027 ||| READING 19 scrolls of teleportation.
 31028 | Depths:2 | 31028 ||| DRINKING 8 potions of heal wounds.
 31029 | Depths:2 | 31029 ||| RETREEEEATING.
 31032 | Depths:2 | HP: 32/174 [spriggan berserker/+0 quarterstaff (35)]
 31033 | Depths:2 | 31033 ||| READING 18 scrolls of teleportation.
 31034 | Depths:2 | 31034 ||| DRINKING 7 potions of heal wounds.
 31037 | Depths:2 | Found a one-way gateway to a ziggurat.
 31038 | Depths:2 | 31038 ||| RETREEEEATING.
 31039 | Depths:2 | 31039 ||| RETREEEEATING.
 31040 | Depths:2 | 31040 ||| RETREEEEATING.
 31041 | Depths:2 | 31041 ||| RETREEEEATING.
 31042 | Depths:2 | 31042 ||| RETREEEEATING.
 31043 | Depths:2 | 31043 ||| RETREEEEATING.
 31044 | Depths:2 | 31044 ||| RETREEEEATING.
 31045 | Depths:2 | 31045 ||| RETREEEEATING.
 31061 | Depths:2 | 31061 ||| READING 17 scrolls of teleportation.
 31064 | Depths:2 | HP: 42/174 [spriggan air mage/the air (6)]
 31065 | Depths:2 | 31065 ||| DRINKING 6 potions of heal wounds.
 31068 | Depths:2 | 31068 ||| READING 16 scrolls of teleportation.
 31069 | Depths:2 | 31069 ||| DRINKING 5 potions of heal wounds.
 31286 | Depths:2 | Reached skill level 22 in Dodging
 31621 | Depths:2 | 31621 ||| Stepping ~*~*~tactically~*~*~ (cloud).
 31644 | Depths:2 | 31644 ||| RETREEEEATING.
 31656 | Depths:2 | 31656 ||| RETREEEEATING.
 31659 | Depths:2 | 31659 ||| RETREEEEATING.
 31660 | Depths:2 | 31660 ||| RETREEEEATING.
 31661 | Depths:2 | 31661 ||| RETREEEEATING.
 31662 | Depths:2 | 31662 ||| RETREEEEATING.
 31703 | Depths:2 | Found a one-way gate leading to the halls of Pandemonium.
 31847 | Depths:2 | 31847 ||| SHOPLISTING +12 longbow "Foir" {holy, Str+4}
                  | (5748 gold, have 2051).
 31847 | Depths:2 | 31847 ||| SHOPLISTING 10 scrolls of enchant weapon (4950
                  | gold, have 2051).
 31847 | Depths:2 | 31847 ||| SHOPLISTING wand of iceblast (25) (3960 gold,
                  | have 2051).
 31923 | Depths:2 | 31923 ||| RETREEEEATING.
 31925 | Depths:2 | 31925 ||| RETREEEEATING.
 31926 | Depths:2 | 31926 ||| RETREEEEATING.
 31930 | Depths:2 | 31930 ||| RETREEEEATING.
 31931 | Depths:2 | 31931 ||| RETREEEEATING.
 31935 | Depths:2 | 31935 ||| RETREEEEATING.
 31936 | Depths:2 | 31936 ||| RETREEEEATING.
 31937 | Depths:2 | 31937 ||| RETREEEEATING.
 31938 | Depths:2 | 31938 ||| RETREEEEATING.
 31939 | Depths:2 | 31939 ||| RETREEEEATING.
 31942 | Depths:2 | 31942 ||| RETREEEEATING.
 31944 | Depths:2 | 31944 ||| RETREEEEATING.
 31947 | Depths:2 | 31947 ||| RETREEEEATING.
 31970 | Depths:2 | Identified the staff of Okawaru's Supremacy {rF+ rC- rCorr
                  | Conj Fire}
 32220 | Depths:3 | Found a one-way gate to the infinite horrors of the Abyss.
 32360 | Depths:3 | 32360 ||| DRINKING potion of haste.
 32438 | Depths:3 | Reached skill level 15 in Fighting
 32448 | Depths:3 | 32448 ||| RETREEEEATING.
 32449 | Depths:3 | 32449 ||| RETREEEEATING.
 32450 | Depths:3 | 32450 ||| RETREEEEATING.
 32451 | Depths:3 | 32451 ||| RETREEEEATING.
 32452 | Depths:3 | 32452 ||| RETREEEEATING.
 32453 | Depths:3 | 32453 ||| RETREEEEATING.
 32454 | Depths:3 | 32454 ||| RETREEEEATING.
 32455 | Depths:3 | 32455 ||| RETREEEEATING.
 32459 | Depths:3 | 32459 ||| RETREEEEATING.
 32460 | Depths:3 | 32460 ||| RETREEEEATING.
 32461 | Depths:3 | 32461 ||| RETREEEEATING.
 32464 | Depths:3 | 32464 ||| RETREEEEATING.
 32465 | Depths:3 | 32465 ||| RETREEEEATING.
 32627 | Depths:3 | 32627 ||| FLEEEEING.
 32846 | Depths:3 | 32846 ||| RETREEEEATING.
 32847 | Depths:3 | 32847 ||| RETREEEEATING.
 32848 | Depths:3 | 32848 ||| RETREEEEATING.
 32900 | Depths:3 | 32900 ||| FLEEEEING.
 32901 | Depths:3 | 32901 ||| FLEEEEING.
 32902 | Depths:3 | 32902 ||| FLEEEEING.
 32903 | Depths:3 | 32903 ||| FLEEEEING.
 32904 | Depths:3 | 32904 ||| FLEEEEING.
 32905 | Depths:3 | 32905 ||| FLEEEEING.
 32907 | Depths:3 | 32907 ||| FLEEEEING.
 32911 | Depths:3 | 32911 ||| FLEEEEING.
 32912 | Depths:3 | 32912 ||| FLEEEEING.
 32913 | Depths:3 | 32913 ||| FLEEEEING.
 32914 | Depths:3 | 32914 ||| FLEEEEING.
 32915 | Depths:3 | 32915 ||| FLEEEEING.
 32916 | Depths:3 | 32916 ||| RETREEEEATING.
 32924 | Depths:3 | 32924 ||| RETREEEEATING.
 32925 | Depths:3 | 32925 ||| RETREEEEATING.
 32926 | Depths:3 | 32926 ||| RETREEEEATING.
 32928 | Depths:3 | 32928 ||| RETREEEEATING.
 33012 | Depths:3 | Noticed a caustic shrike
 33013 | Depths:3 | 33013 ||| RETREEEEATING.
 33014 | Depths:3 | 33014 ||| RETREEEEATING.
 33015 | Depths:3 | 33015 ||| RETREEEEATING.
 33016 | Depths:3 | 33016 ||| RETREEEEATING.
 33018 | Depths:3 | 33018 ||| RETREEEEATING.
 33019 | Depths:3 | 33019 ||| RETREEEEATING.
 33024 | Depths:3 | 33024 ||| RETREEEEATING.
 33032 | Depths:3 | Killed a caustic shrike
 33046 | Depths:3 | 33046 ||| FLEEEEING.
 33071 | Depths:3 | Noticed a caustic shrike
 33075 | Depths:3 | Killed a caustic shrike
 33081 | Depths:3 | 33081 ||| FLEEEEING.
 33082 | Depths:3 | 33082 ||| FLEEEEING.
 33083 | Depths:3 | 33083 ||| FLEEEEING.
 33085 | Depths:3 | 33085 ||| FLEEEEING.
 33086 | Depths:3 | 33086 ||| FLEEEEING.
 33088 | Depths:3 | 33088 ||| FLEEEEING.
 33128 | Depths:3 | 33128 ||| RETREEEEATING.
 33132 | Depths:3 | Noticed a golden dragon
 33133 | Depths:3 | 33133 ||| RETREEEEATING.
 33134 | Depths:3 | 33134 ||| RETREEEEATING.
 33135 | Depths:3 | 33135 ||| RETREEEEATING.
 33137 | Depths:3 | 33137 ||| RETREEEEATING.
 33147 | Depths:3 | Reached skill level 23 in Dodging
 33163 | Depths:3 | Killed a golden dragon
 33191 | Depths:3 | Reached XP level 21. HP: 173/185 MP: 25/25
 33207 | Depths:3 | Found Juggummonn's Magic Scroll Shoppe.
 33207 | Depths:3 | Found Zehiy's Magic Scroll Shop.
 33208 | Depths:3 | Found Laikhu's Armour Emporium.
 33208 | Depths:3 | Found Leidgh's Magic Scroll Shop.
 33217 | Depths:3 | 33217 ||| BUYING scroll of brand weapon (123 gold).
 33217 | Depths:3 | Bought a scroll of brand weapon for 123 gold pieces
 33217 | Depths:3 | 33217 ||| BUYING scroll of enchant armour (97 gold).
 33217 | Depths:3 | Bought a scroll of enchant armour for 97 gold pieces
 33217 | Depths:3 | 33217 ||| READING scroll of brand weapon.
 33217 | Depths:3 | 33217 ||| BRANDING +3 hand cannon of flaming.
 33221 | Depths:3 | 33221 ||| BUYING scroll of brand weapon (161 gold).
 33221 | Depths:3 | Bought a scroll of brand weapon for 161 gold pieces
 33221 | Depths:3 | 33221 ||| BUYING scroll of teleportation (51 gold).
 33221 | Depths:3 | Bought a scroll of teleportation for 51 gold pieces
 33221 | Depths:3 | 33221 ||| READING scroll of brand weapon.
 33221 | Depths:3 | 33221 ||| BRANDING +3 hand cannon of freezing.
 33225 | Depths:3 | 33225 ||| BUYING scroll of enchant armour (150 gold).
 33225 | Depths:3 | Bought a scroll of enchant armour for 150 gold pieces
 33225 | Depths:3 | 33225 ||| BUYING scroll of teleportation (60 gold).
 33225 | Depths:3 | Bought a scroll of teleportation for 60 gold pieces
 33225 | Depths:3 | 33225 ||| BUYING scroll of teleportation (60 gold).
 33225 | Depths:3 | Bought a scroll of teleportation for 60 gold pieces
 33225 | Depths:3 | 33225 ||| BUYING scroll of teleportation (60 gold).
 33225 | Depths:3 | Bought a scroll of teleportation for 60 gold pieces
 33227 | Depths:3 | 33227 ||| BUYING +1 ring mail of Space {*Slow rF++ rCorr}
                  | (603 gold).
 33227 | Depths:3 | Bought the +1 ring mail of Space {*Slow rF++ rCorr} for 603
                  | gold pieces
 33227 | Depths:3 | 33227 ||| BUYING +2 pair of gloves (297 gold).
 33227 | Depths:3 | Bought a +2 pair of gloves for 297 gold pieces
 33227 | Depths:3 | 33227 ||| SHOPLISTING +4 ring mail of Spring {Dex+7} (822
                  | gold, have 745).
 33352 | Depths:3 | 33352 ||| DRINKING potion of resistance.
 33446 | Depths:3 | 33446 ||| READING scroll of acquirement.
 33446 | Depths:3 | 33446 ||| ACQUIRING +0 triple crossbow of flaming
 33446 | Depths:3 | Acquired a +0 triple crossbow of flaming
 33448 | Depths:3 | 33448 ||| SWAPPING to +0 triple crossbow of flaming.
 33449 | Depths:3 | 33449 ||| DROPPING +3 hand cannon of draining.
 33950 | Depths:3 | 33950 ||| DROPPING +1 pair of gloves.
 33951 | Depths:3 | 33951 ||| UPGRADING to +2 pair of gloves.
 33961 | Depths:3 | 33961 ||| DROPPING +1 pair of gloves "Fedaj" {Stlth+}.
 33962 | Depths:3 | 33962 ||| READING 18 scrolls of identify.
 33962 | Depths:3 | 33962 ||| IDENTIFYING pink potion
 33963 | Depths:3 | 33963 ||| DROPPING potion of berserk rage.
 34000 | Depths:4 | Entered Level 4 of the Depths
 34001 | Depths:4 | 34001 ||| STAIRDANCE
 34031 | Depths:4 | 34031 ||| FLEEEEING.
 34032 | Depths:4 | 34032 ||| FLEEEEING.
 34074 | Depths:4 | 34074 ||| FLEEEEING.
 34075 | Depths:4 | 34075 ||| FLEEEEING.
 34076 | Depths:4 | 34076 ||| FLEEEEING.
 34077 | Depths:4 | 34077 ||| FLEEEEING.
 34090 | Depths:4 | 34090 ||| Stepping ~*~*~tactically~*~*~ (cloud).
 34100 | Depths:4 | 34100 ||| FLEEEEING.
 34101 | Depths:4 | 34101 ||| FLEEEEING.
 34105 | Depths:4 | 34105 ||| STAIRDANCE
 34298 | Depths:4 | Noticed a golden dragon
 34302 | Depths:4 | Killed a golden dragon
 34371 | Depths:4 | Noticed a golden dragon
 34375 | Depths:4 | 34375 ||| RETREEEEATING.
 34376 | Depths:4 | 34376 ||| RETREEEEATING.
 34377 | Depths:4 | 34377 ||| RETREEEEATING.
 34378 | Depths:4 | Killed a golden dragon
 34380 | Depths:4 | 34380 ||| Stepping ~*~*~tactically~*~*~ (cloud).
 34381 | Depths:4 | 34381 ||| RETREEEEATING.
 34508 | Depths:4 | 34508 ||| FLEEEEING.
 34509 | Depths:4 | 34509 ||| FLEEEEING.
 34521 | Depths:4 | 34521 ||| Stepping ~*~*~tactically~*~*~ (cloud).
 34548 | Depths:4 | 34548 ||| RETREEEEATING.
 34550 | Depths:4 | 34550 ||| ZAPPING wand of quicksilver (5) at -2,1 (spriggan
                  | air mage; floor).
 34551 | Depths:4 | 34551 ||| ZAPPING wand of quicksilver (4) at -2,1 (spriggan
                  | air mage; floor).
 34552 | Depths:4 | 34552 ||| ZAPPING wand of quicksilver (3) at -2,1 (spriggan
                  | air mage; floor).
 34553 | Depths:4 | 34553 ||| ZAPPING wand of quicksilver (2) at -2,0 (shadow
                  | dragon; floor).
 34554 | Depths:4 | 34554 ||| ZAPPING wand of quicksilver (1) at -2,0 (shadow
                  | dragon; floor).
 34570 | Depths:4 | 34570 ||| FLEEEEING.
 34572 | Depths:4 | 34572 ||| FLEEEEING.
 34573 | Depths:4 | 34573 ||| FLEEEEING.
 34574 | Depths:4 | 34574 ||| FLEEEEING.
 34576 | Depths:4 | 34576 ||| FLEEEEING.
 34577 | Depths:4 | 34577 ||| FLEEEEING.
 34578 | Depths:4 | 34578 ||| FLEEEEING.
 34579 | Depths:4 | 34579 ||| FLEEEEING.
 34580 | Depths:4 | 34580 ||| FLEEEEING.
 34581 | Depths:4 | 34581 ||| FLEEEEING.
 34582 | Depths:4 | 34582 ||| FLEEEEING.
 34750 | Depths:4 | 34750 ||| RETREEEEATING.
 34751 | Depths:4 | 34751 ||| RETREEEEATING.
 34752 | Depths:4 | 34752 ||| RETREEEEATING.
 34753 | Depths:4 | 34753 ||| RETREEEEATING.
 34770 | Depths:4 | 34770 ||| FLEEEEING.
 34771 | Depths:4 | 34771 ||| FLEEEEING.
 34772 | Depths:4 | 34772 ||| FLEEEEING.
 34773 | Depths:4 | 34773 ||| FLEEEEING.
 34774 | Depths:4 | 34774 ||| FLEEEEING.
 34775 | Depths:4 | 34775 ||| FLEEEEING.
 34776 | Depths:4 | 34776 ||| FLEEEEING.
 34777 | Depths:4 | 34777 ||| FLEEEEING.
 34778 | Depths:4 | 34778 ||| FLEEEEING.
 34780 | Depths:4 | 34780 ||| FLEEEEING.
 34781 | Depths:4 | 34781 ||| FLEEEEING.
 34782 | Depths:4 | 34782 ||| FLEEEEING.
 34885 | Depths:4 | 34885 ||| RETREEEEATING.
 34886 | Depths:4 | 34886 ||| RETREEEEATING.
 34887 | Depths:4 | 34887 ||| RETREEEEATING.
 34888 | Depths:4 | 34888 ||| RETREEEEATING.
 34889 | Depths:4 | 34889 ||| RETREEEEATING.
 35120 | Depths:4 | Reached skill level 24 in Dodging
 35172 | Depths:4 | 35172 ||| Stepping ~*~*~tactically~*~*~ (cloud).
 35251 | Depths:4 | 35251 ||| Stepping ~*~*~tactically~*~*~ (cloud).
 35321 | Depths:4 | Found a gate to the Realm of Zot.
 35400 | Depths:4 | 35400 ||| Stepping ~*~*~tactically~*~*~ (cloud).
 35438 | Depths:4 | Noticed a golden dragon
 35444 | Depths:4 | Killed a golden dragon
 35478 | Depths:4 | 35478 ||| PLANNING VAULTS:5
 35478 | Depths:4 | 35478 ||| DROPPING amulet of the acrobat.
 35737 | Vaults:4 | 35737 ||| READING 25 scrolls of teleportation.
 35739 | Vaults:5 | Entered Level 5 of the Vaults
 35740 | Vaults:5 | 35740 ||| ZAPPING wand of quicksilver (5) at -5,1 (frost
                  | giant; floor).
 35741 | Vaults:5 | 35741 ||| ZAPPING wand of quicksilver (4) at -4,1 (frost
                  | giant; floor).
 35747 | Vaults:5 | Reached XP level 22. HP: 193/193 MP: 26/26
 35819 | Vaults:5 | 35819 ||| ZAPPING wand of quicksilver (3) at -1,4 (storm
                  | dragon; floor).
 35820 | Vaults:5 | 35820 ||| ZAPPING wand of quicksilver (2) at 0,4 (storm
                  | dragon; floor).
 35821 | Vaults:5 | 35821 ||| ZAPPING wand of quicksilver (1) at 0,3 (storm
                  | dragon; floor).
 35850 | Vaults:5 | Noticed an ancient lich
 35853 | Vaults:5 | Killed an ancient lich
 36128 | Vaults:5 | 36128 ||| DRINKING potion of haste.
 36291 | Vaults:5 | Got a silver rune of Zot
 36413 | Vaults:5 | Found Vigies's Distillery.
 36426 | Vaults:5 | 36426 ||| BUYING 2 potions of curing (108 gold).
 36426 | Vaults:5 | Bought 2 potions of curing for 108 gold pieces
 36426 | Vaults:5 | 36426 ||| BUYING 2 potions of curing (108 gold).
 36426 | Vaults:5 | Bought 2 potions of curing for 108 gold pieces
 36426 | Vaults:5 | 36426 ||| BUYING 2 potions of heal wounds (180 gold).
 36426 | Vaults:5 | Bought 2 potions of heal wounds for 180 gold pieces
 36426 | Vaults:5 | 36426 ||| BUYING potion of heal wounds (90 gold).
 36426 | Vaults:5 | Bought a potion of heal wounds for 90 gold pieces
 36426 | Vaults:5 | 36426 ||| BUYING potion of might (72 gold).
 36426 | Vaults:5 | Bought a potion of might for 72 gold pieces
 36433 | Vaults:5 | Found Pequry's Distillery.
 36438 | Vaults:5 | 36438 ||| BUYING potion of haste (170 gold).
 36438 | Vaults:5 | Bought a potion of haste for 170 gold pieces
 36438 | Vaults:5 | 36438 ||| BUYING potion of haste (170 gold).
 36438 | Vaults:5 | Bought a potion of haste for 170 gold pieces
 36438 | Vaults:5 | 36438 ||| BUYING potion of mutation (136 gold).
 36438 | Vaults:5 | Bought a potion of mutation for 136 gold pieces
 36443 | Vaults:5 | 36443 ||| DRINKING 2 potions of haste.
 36524 | Vaults:5 | Identified the ring "Xepleh" {Str+4 Int+6 Dex+3 Stlth+}
 36573 | Vaults:5 | Reached skill level 25 in Dodging
 36601 | Vaults:5 | 36601 ||| DRINKING potion of haste.
 36647 | Vaults:5 | Identified the +0 mace of Balance {freeze, rC- Str+3 Int+3
                  | SInv}
 36886 | Vaults:5 | Found Seggient's Magic Scroll Emporium.
 36886 | Vaults:5 | Found Catseet's Distillery.
 36891 | Vaults:5 | 36891 ||| BUYING scroll of enchant armour (157 gold).
 36891 | Vaults:5 | Bought a scroll of enchant armour for 157 gold pieces
 36891 | Vaults:5 | 36891 ||| BUYING scroll of teleportation (63 gold).
 36891 | Vaults:5 | Bought a scroll of teleportation for 63 gold pieces
 36902 | Vaults:5 | 36902 ||| BUYING potion of cancellation (128 gold).
 36902 | Vaults:5 | Bought a potion of cancellation for 128 gold pieces
 36902 | Vaults:5 | 36902 ||| BUYING potion of curing (48 gold).
 36902 | Vaults:5 | Bought a potion of curing for 48 gold pieces
 36902 | Vaults:5 | 36902 ||| BUYING potion of enlightenment (80 gold).
 36902 | Vaults:5 | Bought a potion of enlightenment for 80 gold pieces
 36902 | Vaults:5 | 36902 ||| BUYING potion of heal wounds (80 gold).
 36902 | Vaults:5 | Bought a potion of heal wounds for 80 gold pieces
 36902 | Vaults:5 | 36902 ||| BUYING potion of heal wounds (80 gold).
 36902 | Vaults:5 | Bought a potion of heal wounds for 80 gold pieces
 36902 | Vaults:5 | 36902 ||| BUYING potion of might (64 gold).
 36902 | Vaults:5 | Bought a potion of might for 64 gold pieces
 36997 | Vaults:5 | 36997 ||| PLANNING SHOPPING SPREE
 37031 | Vaults:5 | Reached skill level 9 in Armour
 37182 | D:11     | 37182 ||| BUYING potion of haste (110 gold).
 37182 | D:11     | Bought a potion of haste for 110 gold pieces
 37256 | D:7      | 37256 ||| BUYING pair of glowing gloves (135 gold).
 37256 | D:7      | Bought a pair of glowing gloves for 135 gold pieces
 37256 | D:7      | 37256 ||| DROPPING +2 pair of gloves of stealth.
 37257 | D:7      | 37257 ||| CLEARING SHOPPING LIST
 37257 | D:7      | 37257 ||| PLANNING ZOT:1-4
 37475 | Depths:4 | 37475 ||| UPGRADING to scarf of resistance.
 37527 | Zot:1    | Entered Level 1 of the Realm of Zot
 37534 | Zot:1    | 37534 ||| DRINKING potion of haste.
 37619 | Zot:1    | 37619 ||| RETREEEEATING.
 37620 | Zot:1    | 37620 ||| RETREEEEATING.
 37622 | Zot:1    | 37622 ||| RETREEEEATING.
 37623 | Zot:1    | 37623 ||| RETREEEEATING.
 37624 | Zot:1    | 37624 ||| RETREEEEATING.
 37625 | Zot:1    | 37625 ||| RETREEEEATING.
 37626 | Zot:1    | 37626 ||| RETREEEEATING.
 37660 | Zot:1    | 37660 ||| RETREEEEATING.
 37664 | Zot:1    | 37664 ||| Stepping ~*~*~tactically~*~*~ (cloud).
 37667 | Zot:1    | 37667 ||| Stepping ~*~*~tactically~*~*~ (cloud).
 37679 | Zot:1    | 37679 ||| FLEEEEING.
 37680 | Zot:1    | 37680 ||| FLEEEEING.
 37681 | Zot:1    | 37681 ||| FLEEEEING.
 37684 | Zot:1    | Noticed an orb of fire
 37685 | Zot:1    | 37685 ||| RETREEEEATING.
 37686 | Zot:1    | 37686 ||| RETREEEEATING.
 37687 | Zot:1    | 37687 ||| RETREEEEATING.
 37688 | Zot:1    | 37688 ||| RETREEEEATING.
 37694 | Zot:1    | 37694 ||| RETREEEEATING.
 37695 | Zot:1    | 37695 ||| RETREEEEATING.
 37696 | Zot:1    | 37696 ||| RETREEEEATING.
 37696 | Zot:1    | HP: 48/198 [orb of fire/fireball (41)]
 37697 | Zot:1    | 37697 ||| READING 26 scrolls of teleportation.
 37698 | Zot:1    | 37698 ||| DRINKING 14 potions of heal wounds.
 37699 | Zot:1    | 37699 ||| RETREEEEATING.
 37701 | Zot:1    | 37701 ||| RETREEEEATING.
 37702 | Zot:1    | 37702 ||| RETREEEEATING.
 37703 | Zot:1    | 37703 ||| RETREEEEATING.
 37706 | Zot:1    | Killed an orb of fire
 37736 | Zot:1    | 37736 ||| RETREEEEATING.
 37750 | Zot:1    | HP: 46/199 [black draconian/bolt of lightning[a white
                  | draconian stormcaller] (29)]
 37751 | Zot:1    | 37751 ||| READING 25 scrolls of teleportation.
 37752 | Zot:1    | 37752 ||| DRINKING 13 potions of heal wounds.
 37875 | Zot:1    | 37875 ||| Stepping ~*~*~tactically~*~*~ (cloud).
 37881 | Zot:1    | 37881 ||| Stepping ~*~*~tactically~*~*~ (cloud).
 37886 | Zot:1    | Reached XP level 23. HP: 121/205 MP: 27/27
 38189 | Zot:1    | 38189 ||| READING scroll of enchant weapon.
 38189 | Zot:1    | 38189 ||| ENCHANTING +0 triple crossbow of flaming.
 38306 | Zot:1    | Identified the +5 chain mail of Gallantry {Dex+3}
 38572 | Zot:2    | 38572 ||| Stepping ~*~*~tactically~*~*~ (cloud).
 38593 | Zot:2    | Noticed an orb of fire
 38599 | Zot:2    | Killed an orb of fire
 38915 | Zot:2    | Noticed an orb of fire
 38916 | Zot:2    | Gained mutation: You are frail. (-10% HP) [an orb of fire]
 38917 | Zot:2    | Gained mutation: You are weak. (Str -2) [an orb of fire]
 38922 | Zot:2    | Killed an orb of fire
 38927 | Zot:2    | 38927 ||| DRINKING 7 potions of mutation.
 38927 | Zot:2    | Lost mutation: You are frail. (-10% HP) [potion of
                  | mutation]
 38927 | Zot:2    | Lost mutation: You are weak. (Str -2) [potion of mutation]
 38927 | Zot:2    | Gained mutation: You have a pair of small horns on your
                  | head. [potion of mutation]
 38927 | Zot:2    | Gained mutation: You have large cloven feet. [potion of
                  | mutation]
 38927 | Zot:2    | Gained mutation: Your system is resistant to poisons.
                  | (rPois) [potion of mutation]
 38967 | Zot:2    | Reached skill level 26 in Dodging
 38976 | Zot:2    | You fall into a shaft and drop 2 floors!
 39019 | Zot:4    | Found a huge runed translucent gate.
 39019 | Zot:4    | Found a huge runed translucent gate.
 39019 | Zot:4    | Found a huge runed translucent gate.
 39019 | Zot:4    | Found a huge runed translucent gate.
 39019 | Zot:4    | Found a huge runed translucent gate.
 39019 | Zot:4    | Found a huge runed translucent gate.
 39019 | Zot:4    | Found a huge runed translucent gate.
 39019 | Zot:4    | Found a huge runed translucent gate.
 39019 | Zot:4    | Found a huge runed translucent gate.
 39020 | Zot:4    | Found a huge runed translucent gate.
 39024 | Zot:4    | Found a huge runed translucent gate.
 39024 | Zot:4    | Found a huge runed translucent gate.
 39024 | Zot:4    | Found a huge runed translucent gate.
 39024 | Zot:4    | Found a huge runed translucent gate.
 39025 | Zot:4    | Found a huge runed translucent gate.
 39026 | Zot:4    | Found a huge runed translucent gate.
 39028 | Zot:4    | Found a huge runed translucent gate.
 39029 | Zot:4    | 39029 ||| DROPPING +2 helmet of see invisible.
 39030 | Zot:4    | 39030 ||| DROPPING +2 cloak.
 39032 | Zot:4    | Found a huge runed translucent gate.
 39052 | Zot:3    | 39052 ||| RETREEEEATING.
 39053 | Zot:3    | 39053 ||| RETREEEEATING.
 39057 | Zot:3    | 39057 ||| RETREEEEATING.
 39058 | Zot:3    | 39058 ||| RETREEEEATING.
 39059 | Zot:3    | 39059 ||| RETREEEEATING.
 39060 | Zot:3    | 39060 ||| RETREEEEATING.
 39061 | Zot:3    | 39061 ||| RETREEEEATING.
 39065 | Zot:3    | 39065 ||| READING 25 scrolls of teleportation.
 39073 | Zot:3    | HP: 48/206 [golden dragon (45)]
 39074 | Zot:3    | 39074 ||| DRINKING 12 potions of heal wounds.
 39079 | Zot:3    | 39079 ||| READING 24 scrolls of teleportation.
 39080 | Zot:3    | 39080 ||| RETREEEEATING.
 39081 | Zot:3    | 39081 ||| RETREEEEATING.
 39082 | Zot:3    | 39082 ||| RETREEEEATING.
 39083 | Zot:3    | 39083 ||| RETREEEEATING.
 39083 | Zot:3    | HP: 50/206 [golden dragon (27)]
 39084 | Zot:3    | 39084 ||| DRINKING 11 potions of heal wounds.
 39085 | Zot:3    | 39085 ||| RETREEEEATING.
 39086 | Zot:3    | 39086 ||| RETREEEEATING.
 39088 | Zot:3    | 39088 ||| DRINKING 10 potions of heal wounds.
 39425 | Zot:3    | Reached skill level 18 in Fighting
 39554 | Zot:2    | Noticed a Killer Klown
 39558 | Zot:2    | Killed a Killer Klown
 39805 | Zot:2    | 39805 ||| FLEEEEING.
 39806 | Zot:2    | 39806 ||| FLEEEEING.
 39807 | Zot:2    | 39807 ||| FLEEEEING.
 39808 | Zot:2    | 39808 ||| FLEEEEING.
 39952 | Zot:2    | 39952 ||| RETREEEEATING.
 40042 | Zot:2    | Noticed a dread lich
 40042 | Zot:2    | Noticed a dread lich
 40043 | Zot:2    | 40043 ||| RETREEEEATING.
 40044 | Zot:2    | 40044 ||| RETREEEEATING.
 40047 | Zot:2    | Killed a dread lich
 40048 | Zot:2    | Killed a dread lich
 40052 | Zot:2    | Noticed a dread lich
 40056 | Zot:2    | Killed a dread lich
 40059 | Zot:2    | Noticed a dread lich
 40060 | Zot:2    | 40060 ||| RETREEEEATING.
 40062 | Zot:2    | 40062 ||| RETREEEEATING.
 40068 | Zot:2    | Killed a dread lich
 40070 | Zot:2    | Noticed a dread lich
 40071 | Zot:2    | 40071 ||| RETREEEEATING.
 40075 | Zot:2    | Killed a dread lich
 40083 | Zot:2    | 40083 ||| SWAPPING to +6 arbalest "Damnation" {damnation}.
 40084 | Zot:2    | 40084 ||| DROPPING +1 triple crossbow of flaming.
 40322 | Zot:3    | 40322 ||| Stepping randomly (disturbance).
 40323 | Zot:3    | 40323 ||| Stepping randomly (disturbance).
 40324 | Zot:3    | 40324 ||| Stepping randomly (disturbance).
 40619 | Zot:4    | 40619 ||| RETREEEEATING.
 40627 | Zot:4    | 40627 ||| RETREEEEATING.
 40628 | Zot:4    | 40628 ||| RETREEEEATING.
 40629 | Zot:4    | 40629 ||| RETREEEEATING.
 40630 | Zot:4    | 40630 ||| RETREEEEATING.
 40632 | Zot:4    | 40632 ||| RETREEEEATING.
 40633 | Zot:4    | 40633 ||| RETREEEEATING.
 40634 | Zot:4    | 40634 ||| RETREEEEATING.
 40635 | Zot:4    | 40635 ||| Stepping ~*~*~tactically~*~*~ (cloud).
 40638 | Zot:4    | 40638 ||| RETREEEEATING.
 40639 | Zot:4    | 40639 ||| RETREEEEATING.
 40640 | Zot:4    | 40640 ||| RETREEEEATING.
 40640 | Zot:4    | Found a huge runed translucent gate.
 40641 | Zot:4    | 40641 ||| Stepping ~*~*~tactically~*~*~ (cloud).
 40650 | Zot:4    | Reached XP level 24. HP: 220/220 MP: 27/27
 40652 | Zot:4    | Reached skill level 27 in Dodging
 40707 | Zot:4    | Found a runed translucent door.
 40894 | Zot:4    | Found a huge runed translucent gate.
 40895 | Zot:4    | Found a huge runed translucent gate.
 40896 | Zot:4    | Found a huge runed translucent gate.
 40897 | Zot:4    | Found a huge runed translucent gate.
 40898 | Zot:4    | Found a huge runed translucent gate.
 40899 | Zot:4    | Found a huge runed translucent gate.
 40906 | Zot:4    | Found a huge runed translucent gate.
 40908 | Zot:4    | Found a huge runed translucent gate.
 40909 | Zot:4    | Found a huge runed translucent gate.
 40910 | Zot:4    | Found a huge runed translucent gate.
 40910 | Zot:4    | Found a huge runed translucent gate.
 40915 | Zot:4    | Found a huge runed translucent gate.
 40916 | Zot:4    | Found a huge runed translucent gate.
 40916 | Zot:4    | Found a huge runed translucent gate.
 40916 | Zot:4    | Found a huge runed translucent gate.
 40916 | Zot:4    | Found a huge runed translucent gate.
 40918 | Zot:4    | Found a huge runed translucent gate.
 40997 | Zot:4    | Noticed Muataran's ghost (veteran MiMo)
 40999 | Zot:4    | 40999 ||| PLANNING ORB
 41025 | Zot:5    | Entered Level 5 of the Realm of Zot
 41096 | Zot:5    | 41096 ||| FLEEEEING.
 41147 | Zot:5    | Noticed a Killer Klown
 41148 | Zot:5    | 41148 ||| DRINKING potion of haste.
 41151 | Zot:5    | Killed a Killer Klown
 41161 | Zot:5    | Noticed a Killer Klown
 41165 | Zot:5    | Killed a Killer Klown
 41169 | Zot:5    | Noticed an orb of fire
 41174 | Zot:5    | Killed an orb of fire
 41266 | Zot:5    | Noticed a Killer Klown
 41271 | Zot:5    | Noticed a Killer Klown
 41274 | Zot:5    | Killed a Killer Klown
 41278 | Zot:5    | Killed a Killer Klown
 41286 | Zot:5    | Noticed an orb of fire
 41289 | Zot:5    | Gained mutation: You occasionally lose the ability to read
                  | scrolls when taking damage. [an orb of fire]
 41292 | Zot:5    | Killed an orb of fire
 41407 | Zot:5    | 41407 ||| DRINKING 6 potions of mutation.
 41407 | Zot:5    | Lost mutation: Your system is resistant to poisons. (rPois)
                  | [potion of mutation]
 41407 | Zot:5    | Lost mutation: You occasionally lose the ability to read
                  | scrolls when taking damage. [potion of mutation]
 41407 | Zot:5    | Lost mutation: You have a pair of small horns on your head.
                  | [potion of mutation]
 41407 | Zot:5    | Lost mutation: You have large cloven feet. [potion of
                  | mutation]
 41407 | Zot:5    | Gained mutation: You are vulnerable to cold. (rC-) [potion
                  | of mutation]
 41407 | Zot:5    | Gained mutation: You are strong-willed. (Will+) [potion of
                  | mutation]
 41556 | Zot:5    | Reached skill level 21 in Fighting
 41558 | Zot:5    | Noticed an orb of fire
 41562 | Zot:5    | 41562 ||| RETREEEEATING.
 41563 | Zot:5    | Noticed a Killer Klown
 41565 | Zot:5    | Noticed a Killer Klown
 41566 | Zot:5    | 41566 ||| RETREEEEATING.
 41567 | Zot:5    | 41567 ||| RETREEEEATING.
 41568 | Zot:5    | 41568 ||| RETREEEEATING.
 41569 | Zot:5    | 41569 ||| RETREEEEATING.
 41570 | Zot:5    | 41570 ||| RETREEEEATING.
 41571 | Zot:5    | 41571 ||| RETREEEEATING.
 41572 | Zot:5    | 41572 ||| RETREEEEATING.
 41573 | Zot:5    | 41573 ||| RETREEEEATING.
 41573 | Zot:5    | Noticed a Killer Klown
 41574 | Zot:5    | 41574 ||| RETREEEEATING.
 41575 | Zot:5    | 41575 ||| RETREEEEATING.
 41576 | Zot:5    | 41576 ||| RETREEEEATING.
 41576 | Zot:5    | Noticed a Killer Klown
 41576 | Zot:5    | Noticed a Killer Klown
 41577 | Zot:5    | 41577 ||| RETREEEEATING.
 41578 | Zot:5    | 41578 ||| READING 24 scrolls of teleportation.
 41579 | Zot:5    | 41579 ||| RETREEEEATING.
 41580 | Zot:5    | Gained mutation: You sometimes lose your temper in combat.
                  | [an orb of fire]
 41583 | Zot:5    | Noticed a Killer Klown
 41591 | Zot:5    | Noticed a dread lich
 41593 | Zot:5    | Killed a dread lich
 41599 | Zot:5    | HP: 57/228 [Killer Klown/+11 club of flaming (14)]
 41600 | Zot:5    | 41600 ||| READING 23 scrolls of teleportation.
 41601 | Zot:5    | 41601 ||| DRINKING 10 potions of heal wounds.
 41602 | Zot:5    | 41602 ||| RETREEEEATING.
 41603 | Zot:5    | 41603 ||| RETREEEEATING.
 41604 | Zot:5    | 41604 ||| RETREEEEATING.
 41607 | Zot:5    | Gained mutation: Your mind is acute. (Int +4, Str/Dex -1)
                  | [an orb of fire]
 41618 | Zot:5    | Gained mutation: You are clumsy. (Dex -2) [an orb of fire]
 41619 | Zot:5    | 41619 ||| RETREEEEATING.
 41620 | Zot:5    | 41620 ||| RETREEEEATING.
 41621 | Zot:5    | 41621 ||| RETREEEEATING.
 41622 | Zot:5    | Gained mutation: You occasionally lose the ability to drink
                  | potions when taking damage. [an orb of fire]
 41623 | Zot:5    | Killed an orb of fire
 41624 | Zot:5    | Killed a Killer Klown
 41627 | Zot:5    | 41627 ||| RETREEEEATING.
 41628 | Zot:5    | 41628 ||| RETREEEEATING.
 41629 | Zot:5    | Killed a Killer Klown
 41631 | Zot:5    | Killed a Killer Klown
 41634 | Zot:5    | Killed a Killer Klown
 41635 | Zot:5    | HP: 56/231 [Killer Klown/+8 heavy club (24)]
 41636 | Zot:5    | 41636 ||| READING 22 scrolls of teleportation.
 41637 | Zot:5    | 41637 ||| DRINKING 9 potions of heal wounds.
 41655 | Zot:5    | Killed a Killer Klown
 41904 | Zot:5    | 41904 ||| DRINKING 5 potions of mutation.
 41904 | Zot:5    | Lost mutation: You occasionally lose the ability to drink
                  | potions when taking damage. [potion of mutation]
 41904 | Zot:5    | Lost mutation: You sometimes lose your temper in combat.
                  | [potion of mutation]
 41904 | Zot:5    | Lost mutation: You are vulnerable to cold. (rC-) [potion of
                  | mutation]
 41904 | Zot:5    | Gained mutation: You are robust. (+10% HP) [potion of
                  | mutation]
 41904 | Zot:5    | Gained mutation: Your spells are a little harder to cast,
                  | but a little more powerful. [potion of mutation]
 41904 | Zot:5    | Gained mutation: You are somewhat resistant to further
                  | mutation. [potion of mutation]
 42209 | Zot:5    | Killed a Killer Klown
 42253 | Zot:5    | Got the Orb of Zot
 42254 | Zot:5    | 42254 ||| PLANNING ESCAPE
 42254 | Zot:5    | 42254 ||| UPGRADING to +2 cloak of the Countless Souls
                  | {Will+ Regen+}.
 42690 | D:8      | 42690 ||| RETREEEEATING.
 42691 | D:8      | 42691 ||| RETREEEEATING.
 42692 | D:8      | 42692 ||| RETREEEEATING.
 42872 | D:$      | Escaped with the Orb!

Levels and vault maps discovered:
D:1:      minmay_arrival_widening_spiral_wide, layout_basic
D:2:      minmay_wonky_spiral, layout_basic, uniq_natasha
D:3:      layout_loops_ring, mainiacjoe_overflow_24_doors, serial_shops,
          nicolae_shop_tiny_real_fake_doors, shop, shop_fountains,
          minmay_fractal_squares_diagonal_5
D:4:      layout_basic, lemuel_crystal_altar,
          minmay_temple_entry_drinking_statues, gammafunk_ghost_split,
          minmay_cupped
D:5:      layout_loops_corners
D:6:      layout_gridville, cheibriados_altar_1, uniq_crazy_yiuf_cottage,
          uniq_menkaure
D:7:      layout_cave_pools, nicolae_overflow_crystal_walls,
          grunt_gozag_statues, minmay_shop_grid_forest
D:8:      layout_gridville, grunt_temple_overflow_cloverleaf, serial_bayou,
          serial_bayou_lagoon_a, serial_bayou_pond_e, serial_bayou_shore_b,
          serial_bayou_pond_c, chequers_jeans, uniq_joseph
D:9:      layout_loops_cross, lemuel_round_altar, enter_bailey_4,
          gammafunk_ghost_berserking_beasts, minmay_diamond_spiral
D:10:     minmay_the_grid_four_pointed_star_mashed
          [minmay_the_grid_triangle_9x9_dagger,
          minmay_the_grid_triangle_9x9_descending_squares,
          minmay_the_grid_triangle_9x9_shrine,
          minmay_the_grid_triangle_9x9_flanged_cone,
          minmay_the_grid_prize_shrinking_boxes], layout_long_grid,
          serial_shops, nicolae_shop_back_alley_shop, minmay_lizard_king
D:11:     layout_cave_pools, minmay_lair_entry_grove,
          minmay_orc_entry_guard_dogs, nicolae_stop_n_shop_2, fedhas_altar_1
D:12:     layout_rooms
D:13:     layout_gridville, serial_shops, shop,
          serial_library_regret_index_small_wings, nicolae_diode_quadrants,
          uniq_sonja, uniq_snorg
D:14:     layout_cave_pools, grunt_vaults_entry_fortified,
          serial_library_hellmonk_hallway_a, uniq_nessos
D:15:     hangedman_depths_entry_try_elsewhere_first, layout_rooms,
          serial_bayou_shore_a
Lair:1:   layout_long_grid, gauntlet_entry_generic, fungi_pond_lemuel,
          beast_lair_carwin_3
Lair:2:   minmay_lair_oklob_chamber, layout_long_grid,
          nicolae_shoals_entry_roost, spider_nest_entry_web_field,
          grunt_forest_large_clearing_hut, grunt_megastairs_3,
          infiniplex_staircase_pool_2
Lair:3:   layout_loops_ring
Lair:4:   layout_loops_ring, slime_entry_1
Lair:5:   gammafunk_lair_ancient_temple, layout_misc_corridors,
          serial_bayou_shore_b
Shoals:1: layout_shoals, nicolae_shoals_cliffside_cave, uniq_jorgrun
Shoals:2: layout_shoals, serial_shops, shop,
          nicolae_shop_temple_entry_statues_fountains
Shoals:3: layout_shoals, portal_ice_cave_entry_ugly_swarm,
          nicolae_shoals_drake_roost, uniq_polyphemus
Shoals:4: shoals_end_hellmonk_lost_city, uniq_mlioglotl
Spider:1: layout_spider_delve
Spider:2: layout_cave_pods
Spider:3: layout_spider_delve, uniq_asterion, uniq_nikola
Spider:4: hellmonk_spider_rune_endless_swarm, gammafunk_ghost_necromancy
Orc:1:    layout_diamond_mine, nicolae_orc_crystal_geode
Orc:2:    st_orc_mages, layout_caves, kennysheep_orc_chapel
Vaults:1: serial_library_hellmonk_open_square, ontoclasm_vaults_fault,
          hangedman_vaults_locks, hangedman_vaults_nodes,
          nicolae_vaults_storage_room_glass, nicolae_vaults_little_squares_5,
          nicolae_vaults_angled_halls, grunt_vaults_funnel,
          nicolae_vaults_asterisk, vaults_room_boxed, v_misc_4, v_alt_pattern_1,
          nicolae_vaults_more_shelving_1, layout_vaults_ring, serial_shops, shop
Vaults:2: v_pattern_1, nicolae_vaults_heist, vaults_room_fancy_cross,
          blue_anna_dwarven_crypt, ontoclasm_vaults_gateway,
          ontoclasm_vaults_eye, nicolae_vaults_asterisk, vaults_room_semicircle,
          nicolae_vaults_diagonal_hallway_7,
          nicolae_vaults_trapezoid_lopsided_2, nicolae_vaults_tetromino_T_1,
          layout_vaults_chaotic_city
Vaults:3: ontoclasm_vaults_chip, nicolae_vaults_security_offices_6,
          nicolae_vaults_closet_pinwheel_3, nicolae_vaults_diagonal_hallway_6,
          v_misc_5, grunt_vaults_twisty, nicolae_vaults_house_2,
          vaults_room_mumra_shop_pool, nicolae_vaults_tetromino_T_1,
          vaults_dpeg_ring, layout_vaults_omnigrid
Vaults:4: nicolae_vaults_frosty_reception, nicolae_vaults_puzzle_piece,
          vaults_room_semicircle, nicolae_vaults_closet_pinwheel_2,
          hangedman_vaults_hard_town_square, nicolae_vaults_closet_pinwheel_3,
          vaults_room_pool, nicolae_vaults_trapezoid_layered,
          nicolae_vaults_tetromino_Z_1, layout_vaults_maze_bifur
Vaults:5: serial_shops
Depths:1: layout_big_octagon, minmay_misc_feat_secret_circle, lightli_too_deep,
          serial_sigils_hangedman_snap, chequers_serial_rivers_micro_b,
          nicolae_benzene_ring, wheals_unrand_guarded_autumn_katana
Depths:2: hellmonk_destroyed_diamonds, layout_gridlike, enter_ziggurat_f,
          nicolae_hell_entry_big_baal_hell, grunt_pan_entry_zigzag,
          kennysheep_donut, kennysheep_small_circle
Depths:3: hangedman_box_tower, layout_honeycomb, abyss_entry, eino_curves_01,
          hell_entry
Depths:4: lemuel_castle_with_subvaults [lemuel_castle_interior_carwin_1],
          layout_gridlike, hell_entry, okawaru_gym_becter, minmay_three_doors,
          grunt_megastairs_2
Zot:1:    layout_misc_corridors, regret_index_zotdec_slimy_original,
          regret_index_zotdec_twisting_globes
Zot:2:    hellmonk_paralyzer, layout_basic, regret_index_zotdec_barnacled_simple
Zot:3:    layout_misc_corridors
Zot:4:    layout_misc_corridors, ebering_ghost_reflecting_pool, drop_trap,
          door_vault
Zot:5:    layout_concentric_octagons

Skill      XL: |  1  2  3  4  5  6  7  8  9 10 11 12 13 14 15 16 17 18 19 20 21 22 23 24 |
---------------+-------------------------------------------------------------------------+-----
Ranged Weapons | 4 5 6 8 9 11 12 14 15 16 18 19 20 21 24 25 26 | 26.0
Fighting       | 2 3 5 6 7 8 9 10 11 12 13 14 15 17 18 22 | 22.0
Dodging        | 2 3 4 5 6 8 9 11 13 14 16 18 20 21 23 24 25 26 27 | 27.0
Armour         | 1 2 3 4 5 6 7 8 9 10 | 10.0
Stealth        | |  0.8

Action                     |  1- 3 |  4- 6 |  7- 9 | 10-12 | 13-15 | 16-18 | 19-21 | 22-24 || total
---------------------------+-------+-------+-------+-------+-------+-------+-------+-------++-------
  Melee: Longbow           |       |       |       |    14 |       |       |       |       ||    14
   Fire: Shortbow          |    71 |       |       |       |       |       |       |       ||    71
         Arbalest          |     4 |    94 |   120 |    30 |       |       |       |   277 ||   525
         Longbow           |       |       |       |   431 |  1057 |  1005 |       |       ||  2493
         Hand cannon       |       |       |       |       |       |   215 |   879 |       ||  1094
         Triple crossbow   |       |       |       |       |       |       |   341 |   646 ||   987
  Evoke: Wand              |       |     1 |     2 |    13 |     6 |    14 |     9 |     3 ||    48
    Use: Scroll            |     6 |     9 |     8 |     7 |     6 |     8 |    12 |     8 ||    64
         Potion            |     1 |     2 |     2 |     1 |       |     1 |     6 |    15 ||    28
 Armour: Leather armour    |     7 |       |       |       |    73 |    80 |   143 |    77 ||   380
         Skin              |     3 |       |       |       |       |       |       |       ||     3
         Ring mail         |       |     9 |    55 |   122 |    11 |       |       |       ||   197
  Dodge: Dodged            |    10 |    34 |   122 |   338 |   395 |   614 |   982 |   777 ||  3272
  Block: Other             |       |       |       |       |    36 |    80 |   131 |    71 ||   318
         Reflection        |       |       |       |       |    12 |    12 |     8 |     5 ||    37

Table legend:
 A = Non-vault XP
 B = Vault XP
 C = Vault XP percentage of total XP
 D = Non-vault monster count
 E = Vault monster count
 F = Vault count percentage of total count
                 A         B        C        D         E       F
            +---------+---------+-------+---------+---------+-------
      Total |  731921 |  590576 |  44.7 |    1331 |     685 |  34.0
            +---------+---------+-------+---------+---------+-------
        D:1 |      28 |       0 |   0.0 |      17 |       0 |   0.0
        D:2 |     104 |      40 |  27.8 |      15 |       3 |  16.7
        D:3 |      88 |       9 |   9.3 |      24 |       6 |  20.0
        D:4 |     385 |      21 |   5.2 |      22 |       4 |  15.4
        D:5 |     388 |       0 |   0.0 |       9 |       0 |   0.0
        D:6 |     539 |     172 |  24.2 |       7 |       1 |  12.5
        D:7 |    1360 |       0 |   0.0 |      25 |       0 |   0.0
        D:8 |    1751 |     412 |  19.0 |      12 |       1 |   7.7
        D:9 |    2073 |     994 |  32.4 |      29 |       9 |  23.7
       D:10 |    2501 |    7009 |  73.7 |      27 |      25 |  48.1
       D:11 |    1895 |    1884 |  49.9 |       9 |      13 |  59.1
       D:12 |    5838 |       0 |   0.0 |      17 |       0 |   0.0
       D:13 |    5242 |    1724 |  24.7 |      14 |       2 |  12.5
       D:14 |    7380 |    8698 |  54.1 |      19 |      14 |  42.4
       D:15 |   11139 |    2587 |  18.8 |      24 |       4 |  14.3
     Lair:1 |    8805 |     918 |   9.4 |      30 |       6 |  16.7
     Lair:2 |    4728 |    6713 |  58.7 |      19 |      18 |  48.6
     Lair:3 |    7751 |       0 |   0.0 |      29 |       0 |   0.0
     Lair:4 |    8811 |       0 |   0.0 |      23 |       0 |   0.0
     Lair:5 |    8038 |    8763 |  52.2 |      31 |      19 |  38.0
   Shoals:1 |   17884 |    1694 |   8.7 |      36 |       1 |   2.7
   Shoals:2 |   10695 |    2137 |  16.7 |      23 |       4 |  14.8
   Shoals:3 |   10714 |    9479 |  46.9 |      22 |      16 |  42.1
   Shoals:4 |   17816 |   31256 |  63.7 |      39 |      41 |  51.2
   Spider:1 |   17645 |       0 |   0.0 |      47 |       0 |   0.0
   Spider:2 |   25461 |       0 |   0.0 |      65 |       0 |   0.0
   Spider:3 |   20316 |    4199 |  17.1 |      45 |       2 |   4.3
   Spider:4 |   19470 |   20560 |  51.4 |      45 |      40 |  47.1
      Orc:1 |    2233 |       0 |   0.0 |      32 |       0 |   0.0
      Orc:2 |    8090 |    7839 |  49.2 |      46 |      60 |  56.6
   Vaults:1 |   38055 |   21185 |  35.8 |      63 |      33 |  34.4
   Vaults:2 |   12329 |   21160 |  63.2 |      16 |      28 |  63.6
   Vaults:3 |   26081 |   21397 |  45.1 |      34 |      26 |  43.3
   Vaults:4 |   32359 |   16045 |  33.1 |      45 |      17 |  27.4
   Vaults:5 |   20912 |   90838 |  81.3 |      28 |      84 |  75.0
   Depths:1 |   24629 |    8378 |  25.4 |      28 |       8 |  22.2
   Depths:2 |   38312 |    6595 |  14.7 |      47 |      10 |  17.5
   Depths:3 |   25362 |   73773 |  74.4 |      26 |      61 |  70.1
   Depths:4 |   51261 |   72801 |  58.7 |      54 |      62 |  53.4
      Zot:1 |   57901 |       0 |   0.0 |      47 |       0 |   0.0
      Zot:2 |   67253 |   39045 |  36.7 |      49 |      15 |  23.4
      Zot:3 |   42511 |       0 |   0.0 |      35 |       0 |   0.0
      Zot:4 |   35310 |       0 |   0.0 |      31 |       0 |   0.0
      Zot:5 |   30478 |   97872 |  76.3 |      26 |      41 |  61.2
   Gauntlet |       0 |    4379 | 100.0 |       0 |      11 | 100.0
            +---------+---------+-------+---------+---------+-------
